 Dungeon Crawl Stone Soup version 0.32-a0-12-g7fc57aa741 (webtiles) character file.

Game seed: 17687685174360325706

1417750 yetimobile the Cloud Mage (level 27, 157/162 HPs)
             Began as a Tengu Conjurer on Jan 13, 2024.
             Was the Champion of Vehumet.
             Escaped with the Orb
             ... and 3 runes on Jan 15, 2024!
             The game lasted 06:04:23 (101124 turns).

yetimobile the Cloud Mage (Tengu Conjurer)        Turns: 101124, Time: 06:04:23

Health: 157/162    AC: 10    Str: 10    XL:     27
Magic:  39/44      EV: 22    Int: 36    God:    Vehumet [******]
Gold:   3592       SH: 26    Dex: 16    Spells: 2/58 levels left

rFire   + + .        a - +10 morningstar "Eos" {elec, Halo rElec}
rCold   + . .        f - +8 kite shield of Dice, Bag, and Bottle {^Drain Int+3 Stlth+}
rNeg    + . .        E - +0 leather armour of Undesirable Species {+Inv rC+ rN+ Will+}
rPois   +            A - +0 hat of Maxoh {rC+ Int+3 SInv}
rElec   +            o - +1 cloak of Classification {rElec rF+ MP+9}
rCorr   .            J - +2 pair of gloves {Dex+3}
SInv    +            (boots unavailable)
Will    ++++.        g - amulet of reflection
Stlth   +            t - ring "Xugefual" {Fire rPois}
HPRegen 0.47/turn    W - ring "Jeeschet" {Will+ Stlth+}
MPRegen 0.29/turn

%: reflection, acrobat
@: flying, glowing
A: beak, talons 3, evasive flight, acrobatic, claws 1, deterioration 1, frail 1,
low MP 2
0: Orb of Zot
}: 3/15 runes: barnacled, slimy, gossamer
a: Renounce Religion, Evoke Invisibility


You escaped.
You worshipped Vehumet.
Vehumet was exalted by your worship.
You visited 11 branches of the dungeon, and saw 53 of its levels.
You visited the Abyss 1 time.
You also visited: Trove, Sewer, Gauntlet, Ice Cave and Volcano.

You collected 6733 gold pieces.
You spent 3141 gold pieces at shops.

Inventory:

Hand Weapons
 a - the +10 morningstar "Eos" (weapon) {elec, Halo rElec}
   (You found it on level 11 of the Dungeon)

   Halo:      It grants its wielder a halo, revealing invisible creatures and
   increasing accuracy against all within it other than the wielder.
   rElec:     It insulates you from electricity.
 y - the +5 demon whip "Spellbinder" {antimagic, disrupt, Will+}
   (You found it on level 15 of the Dungeon)

   Will+:     It increases your willpower.
Missiles
 q - 6 silver javelins
Armour
 d - the +1 chain mail "Xinetorph" {Will++ Int+3}
   (You found it in a treasure trove)

   Int+3:     It affects your intelligence (+3).
   Will++:    It greatly increases your willpower.
 f - the +8 kite shield of Dice, Bag, and Bottle (worn) {^Drain Int+3 Stlth+}
   (You found it in a treasure trove)

   Int+3:     It affects your intelligence (+3).
   ^Drain:    It drains your maximum health when unequipped.
   Stlth+:    It makes you more stealthy.
 o - the +1 cloak of Classification (worn) {rElec rF+ MP+9}
   (You found it in a treasure trove)

   rF+:       It protects you from fire.
   rElec:     It insulates you from electricity.
   MP+9:      It affects your magic capacity (+9).
 p - a +2 robe of resistance
 u - the +1 cloak of Vanity {Rampage rF+ rC+}
   (You found it in a treasure trove)

   rF+:       It protects you from fire.
   rC+:       It protects you from cold.
   Rampage:   It bestows one free step when moving towards enemies.
 A - the +0 hat of Maxoh (worn) {rC+ Int+3 SInv}
   (You found it in a treasure trove)

   Int+3:     It affects your intelligence (+3).
   rC+:       It protects you from cold.
   SInv:      It lets you see invisible.
 E - the +0 leather armour of Undesirable Species (worn) {+Inv rC+ rN+ Will+}
   (You bought it in a shop on level 1 of the Depths)

   rC+:       It protects you from cold.
   rN+:       It protects you from negative energy.
   Will+:     It increases your willpower.
   +Inv:      It lets you turn invisible.
 J - a +2 pair of gloves of dexterity (worn)
Magical Staves
 b - the staff of Dim Light {rElec rC+ rCorr Stlth- Air Alchemy}
   (You found it on level 3 of the Elven Halls)

   [staff of air]

   Base accuracy: +5 Base damage: 5 Base attack delay: 1.2 This weapon's minimum
   attack delay (0.6) is reached at skill level 12.
   rC+:       It protects you from cold.
   rElec:     It insulates you from electricity.
   rCorr:     It protects you from acid and corrosion.
   Stlth-:    It makes you less stealthy.
   Air:       It increases the power of your Air spells.
   Alchemy:   It increases the power of your Alchemy spells.
   It falls into the 'Staves' category.
   It is a one-handed weapon.
 K - a staff of cold
Jewellery
 g - an amulet of reflection (around neck)
 s - the ring of Xoang {rElec AC+4 Int+2}
   (You took it off a minotaur in a Gauntlet)

   [ring of protection]

   AC+4:      It affects your AC (+4).
   Int+2:     It affects your intelligence (+2).
   rElec:     It insulates you from electricity.
 t - the ring "Xugefual" (left hand) {Fire rPois}
   (You found it on level 15 of the Dungeon)

   [ring of fire]

   Fire:      It enhances your fire magic.
   rF+:       It protects you from fire.
   rC-:       It makes you vulnerable to cold.
   rPois:     It protects you from poison
 I - a +6 ring of intelligence
 R - the ring "Quuv" {Will+ Str+4}
   (You found it in an ice cave)

   [ring of willpower]

   Str+4:     It affects your strength (+4).
   Will+:     It increases your willpower.
 W - the ring "Jeeschet" (right hand) {Will+ Stlth+}
   (You took it off a deep elf pyromancer on level 3 of the Elven Halls)

   [ring of willpower]

   Will+:     It increases your willpower.
   Stlth+:    It makes you more stealthy.
 Y - the ring "Keutt" {rF+ Slay+3 SInv}
   (You took it off a deep elf annihilator on level 3 of the Elven Halls)

   [ring of see invisible]

   Slay+3:    It affects your accuracy & damage with ranged weapons and melee
   (+3).
   rF+:       It protects you from fire.
   SInv:      It lets you see invisible.
Wands
 e - a wand of digging (21)
 h - a wand of mindburst (24)
 l - a wand of polymorph (23)
 P - a wand of roots (38)
 T - a wand of paralysis (42)
 X - a wand of light (19)
Scrolls
 j - 5 scrolls of fog
 k - 10 scrolls of immolation {!r}
 n - 3 scrolls of revelation
 z - 8 scrolls of fear
 B - 15 scrolls of teleportation
 S - a scroll of butterflies
 Z - 3 scrolls of torment {!r}
Potions
 c - 5 potions of enlightenment
 r - a potion of lignification {!q}
 v - 7 potions of brilliance
 D - 2 potions of cancellation
 F - 9 potions of curing
 G - 3 potions of haste
 L - 2 potions of invisibility
 O - 11 potions of magic
 Q - a potion of ambrosia
 U - 14 potions of might
 V - 4 potions of berserk rage
Miscellaneous
 i - a phantom mirror (inert)
 m - a tin of tremorstones (2/2)
 x - a lightning rod (4/4)
 C - a box of beasts
 M - a phial of floods (inert)


   Skills:
 + Level 20.9 Fighting
 - Level 3.6(7.2) Short Blades
 - Level 9.7(10.0) Long Blades
 - Level 13.0 Maces & Flails
 - Level 3.4 Throwing
 - Level 9.4 Armour
 - Level 15.0 Dodging
 - Level 2.4 Stealth
 - Level 14.1 Shields
 - Level 16.3 Spellcasting
 - Level 23.3 Conjurations
 - Level 2.6 Fire Magic
 - Level 12.8 Ice Magic
 - Level 23.6 Air Magic
 - Level 4.0 Alchemy
 - Level 19.0 Evocations


You had 2 spell levels left.
You knew the following spells:

 Your Spells              Type           Power      Damage    Failure   Level
b - Ozocubu's Refrigerat  Ice            44%        4d17      4%          7
c - Mephitic Cloud        Conj/Alch/Air  100%       N/A       0%          3
f - Fulminant Prism       Conj/Alch      45%        3d21      1%          4
g - Freezing Cloud        Conj/Ice/Air   53%        6-21      1%          5
i - Swiftness             Air            100%       N/A       0%          3
l - Fireball              Conj/Fire      55%        3d21      1%          5
m - Maxwell's Capacitive  Air            58%        death     1%          8
n - Chain Lightning       Conj/Air       57%        3d76      6%          9
p - Plasma Beam           Fire/Air       56%        2x1d71    1%          6
B - Blink                 Tloc           58%        N/A       5%          2
X - Vhi's Electric Charg  Tloc/Air       100%       N/A       1%          4

Your spell library contained the following spells:

 Spells                   Type           Power      Damage    Failure   Level
 Lehudib's Crystal Spear  Conj/Erth      42%        10d10     41%         8
 Magic Dart               Conj           100%       1d8       0%          1
 Sting                    Conj/Alch      100%       1d9       0%          1
 Mercury Vapours          Alch/Air       100%       N/A       0%          2
 Searing Ray              Conj           100%       2d8       0%          2
 Sandblast                Erth           58%        2d13      1%          1
 Cigotuvi's Dreadful Rot  Necr/Alch/Air  100%       N/A       1%          2
 Ensorcelled Hibernation  Hex/Ice        100%       N/A       1%          2
 Momentum Strike          Conj/Tloc      100%       3d10      1%          2
 Apportation              Tloc           58%        N/A       3%          1
 Necrotise                Necr           100%       1d9       3%          1
 Slow                     Hex            100%       N/A       3%          1
 Summon Small Mammal      Summ           100%       N/A       3%          1
 Call Imp                 Summ           58%        N/A       5%          2
 Lesser Beckoning         Tloc           58%        N/A       5%          2
 Sublimation of Blood     Necr           29%        N/A       5%          2
 Hailstorm                Conj/Ice       100%       3d16      0%          3
 Arcjolt                  Conj/Air       57%        1d67      0%          5
 Iskenderun's Battlesphe  Conj           100%       2d15      0%          5
 Dazzling Flash           Conj/Hex       100%       N/A       1%          3
 Frozen Ramparts          Ice            100%       1d16      1%          3
 Inner Flame              Hex/Fire       55%        N/A       1%          3
 Ozocubu's Armour         Ice            88%        N/A       1%          3
 Stone Arrow              Conj/Erth      100%       3d13      1%          3
 Summon Ice Beast         Ice/Summ       66%        N/A       1%          3
 Volatile Blastmotes      Fire/Tloc      100%       2d18      1%          3
 Brom's Barrelling Bould  Conj/Erth      85%        2d10      1%          4
 Flame Wave               Conj/Fire      100%       2d21      1%          4
 Iskenderun's Mystic Bla  Conj/Tloc      85%        2d17      1%          4
 Olgreb's Toxic Radiance  Alch           56%        N/A       1%          4
 Silence                  Hex/Air        42%        N/A       1%          5
 Conjure Ball Lightning   Conj/Air       57%        3x3d21    1%          6
 Starburst                Conj/Fire      55%        6d15      1%          6
 Orb of Destruction       Conj           57%        9d14      1%          7
 Sticky Flame             Fire/Alch      69%        2d11      2%          4
 Metabolic Englaciation   Hex/Ice        33%        N/A       7%          5
 Spellforged Servitor     Conj/Summ      42%        N/A       7%          7
 Call Canine Familiar     Summ           29%        N/A       11%         3
 Fugue of the Fallen      Necr           29%        N/A       11%         3
 Gell's Gravitas          Tloc           29%        N/A       11%         3
 Passwall                 Erth           29%        N/A       11%         3
 Teleport Other           Tloc           29%        N/A       11%         3
 Tukima's Dance           Hex            29%        N/A       11%         3
 Vampiric Draining        Necr           29%        2d8       11%         3
 Leda's Liquefaction      Alch/Erth      22%        N/A       16%         4
 Petrify                  Alch/Erth      44%        N/A       16%         4
 Sculpt Simulacrum        Ice/Alch       37%        N/A       17%         6
 Alistair's Intoxication  Alch           37%        N/A       19%         5
 Summon Blazeheart Golem  Fire/Summ      55%        N/A       21%         4
 Dimensional Bullseye     Hex/Tloc       14%        N/A       34%         4
 Dispel Undead            Necr           29%        3d13      34%         4
 Manifold Assault         Tloc           29%        N/A       34%         4
 Martyr's Knell           Necr/Summ      29%        N/A       34%         4
 Curse of Agony           Necr           29%        N/A       67%         5
 Fire Storm               Conj/Fire      55%        8d14      98%         9
 Polar Vortex             Ice            44%        12d5*     98%         9
 Death Channel            Necr           14%        N/A       99%         6
 Dispersal                Tloc           14%        N/A       99%         6
 Haunt                    Necr/Summ      14%        N/A       100%        7
 Malign Gateway           Summ/Tloc      14%        N/A       100%        7
 Summon Hydra             Summ           14%        N/A       100%        7
 Borgnjor's Revivificati  Necr           14%        N/A       100%        8
 Discord                  Hex            14%        N/A       100%        8
 Disjunction              Tloc           14%        N/A       100%        8
 Ignition                 Fire           32%        3d10      100%        8
 Summon Horrible Things   Summ           14%        N/A       100%        8
 Death's Door             Necr           14%        N/A       100%        9
 Dragon's Call            Summ           14%        N/A       100%        9
 Shatter                  Erth           14%        3d14*     100%        9


Dungeon Overview and Level Annotations

Branches:
Dungeon (15/15)            Temple (1/1) D:6            Lair (5/5) D:10
 Shoals (4/4) Lair:2       Spider (4/4) Lair:3        Slime (5/5) Lair:5
    Orc (2/2) D:11            Elf (3/3) Orc:2        Vaults (5/5) D:13
  Crypt (0/3) Vaults:2     Depths (4/4) D:15            Zot (5/5) Depths:4
  Sewer (visited)           IceCv (visited)         Volcano (visited)
Gauntlet (visited)

Altars:
Ashenzari
Cheibriados
Dithmenos
Elyvilon
Fedhas
Gozag
Hepliaklqana
Kikubaaqudgha
Makhleb
Nemelex Xobeh
Okawaru
Qazlal
Ru
Sif Muna
Trog
Uskayaw
Vehumet
Wu Jian
Xom
Yredelemnul
Zin
The Shining One
Jiyva

Shops:
D:5 ?   D:6 *   D:8 (   Orc:1 [   Orc:2 [?[[   Elf:2 :**   Elf:3 (   Vaults:3 :
Vaults:4 *   Depths:1 [

Portals:
Hell: Depths:1 Depths:2 Depths:3 Depths:4
Abyss: Depths:3 Depths:4
Pandemonium: Depths:1 Depths:2
Ziggurat: Depths:2

Annotations:
Slime:2 exclusion: downstairs
Orc:2 exclusion: upstairs
Elf:2 3 runed translucent doors
Vaults:5 Margery
Zot:2 1 runed translucent door, exclusion: door, Qaniympis's ghost, veteran DgEE


Innate Abilities, Weirdness & Mutations

You have a beak for a mouth.
You have claws for feet.
Your magical flight helps you evade attacks. (EV +4)
You can magically evade attacks while moving or waiting.
You have sharp fingernails.
Your body sometimes deteriorates upon taking damage.
You are frail. (-10% HP)
Your magical capacity is very low. (-20% MP)


Message History

Hitaf vaporises in an electric haze!
You kill Hitaf!
Vehumet accepts your kill.
You feel your power returning. The ynoxinul gestures at you.
You block the iron shot... and reflect it back!
The iron shot hits the ynoxinul!!
You kill the ynoxinul!
Vehumet accepts your kill.
You feel your power returning.
You feel your strength returning.
A smoke demon comes into view.
You feel a surge of power!
The bolt of lightning hits the smoke demon!!!
You kill the smoke demon!
Vehumet accepts your kill.
You feel your power returning.
A rust devil comes into view.
Fodelero comes into view.
Fodelero roars, "Taste defeat, thou yeasty hen-pecked skainsmate!"
The rust devil screeches!
Press: ? - help, v - describe, . - travel
Here: Fodelero The floor.
Unknown command.
Blink to where?
Press: ? - help, Dir - move target
As you read the scroll of blinking, it crumbles to dust.
Fodelero gestures at you.
The bolt of dispelling energy misses you.
Confirm with . or Enter, or press ? or * to list all spells.
Press: ? - help, Dir - look around, f - activate
Okay, then.
Okay, then.
Unknown command.
Press: ? - help, v - describe, . - travel
Here: Fodelero (haloed)
The floor.
Okay, then.
You have escaped!

#######..###.......#...
#..............#(#.#.#.
#.#####...####...#.#.#.
###########.#####..## ##..#...#.
..%............##..# #....###.
####...####.#......## ##.......#
.......####...~~~~4.####..~~~~...
.#.......##..~.~000......~~~~~~..
.>.......##.0~00Q00......~~~~~~..
.........###.~0~0~&......~~~~~~..
.......#.....000~~........~~~~...
...#...#...............#.......#.
...#####.......###...#........##.
.#.#####.......# #####...........
##.#...........# #............
##.#.###.......### #.###########
##.#.# #........[# #.#


You could see Fodelero and a rust devil.

Vanquished Creatures
  the Royal Jelly (Slime:5)
  Dissolution (Slime:3)
  Frederick (Vaults:4)
  5 dread liches
  Mara (Depths:2)
  3 orbs of fire (Zot:5)
  6 ancient liches (Zot:5)
  2 juggernauts
  2 pandemonium lords
  Sojobo (Vaults:2)
  Boris (twice) (Vaults:4 Depths:2)
  5 Killer Klowns
  5 curse toes
  10 caustic shrikes
  12 golden dragons
  Nikola (Vaults:3)
  3 electric golems
  A Brimstone Fiend (Zot:3)
  A walking crystal tome (Depths:4)
  24 Orb Guardians
  Mlioglotl (Lair:3)
  3 liches
  Zenata (Elf:3)
  16 tentacled monstrosities
  Asterion (Spider:2)
  28 acid blobs
  2 deep elf master archers (Elf:3)
  2 sphinxes
  3 deep elf blademasters
  6 quicksilver dragons
  2 titans
  7 death cobs
  Frances (D:12)
  Agnes (D:15)
  7 tengu reavers
  6 shadow dragons
  Donald (Vaults:4)
  Aizul (Spider:2)
  13 storm dragons
  3 protean progenitors (Zot:1)
  14 azure jellies
  7 emperor scorpions
  The ghost of Hehag the Marksminotaur, a journeyman MiBe of Trog (D:15)
  10 vault wardens
  6 draconian knights
  11 rockslimes
  6 draconian shifters
  A balrug (D:4)
  12 fire giants
  2 iron dragons (Depths:2)
  6 draconian monks
  7 deep elf sorcerers
  6 frost giants
  5 deep elf elementalists
  Louise (D:15)
  An orc warlord (Vaults:3)
  5 ghost moths
  4 draconian stormcallers
  A broodmother (Spider:3)
  17 ironbound preservers
  A reaper (Depths:1)
  2 spriggan defenders
  A demonspawn corrupter (Depths:1)
  5 draconian annihilators
  17 quicksilver oozes
  16 very ugly things
  15 stone giants
  13 formless jellyfish
  3 vampire knights
  A demonspawn blood saint (Depths:1)
  9 ironbound thunderhulks
  6 black draconians
  5 deep elf death magi (Elf:3)
  8 deep elf demonologists
  9 white draconians
  5 deep elf annihilators
  2 war gargoyles
  10 dire elephants
  6 green draconians
  9 red draconians
  8 yellow draconians
  8 purple draconians
  A minotaur (Gauntlet)
  8 fire dragons
  18 spark wasps
  12 ettins
  A crystal guardian (Vaults:3)
  A merfolk javelineer (Shoals:4)
  The ghost of Haduh the Mimic, a journeyman FeSh of Gozag (D:13)
  Snorg (D:13)
  9 merfolk impalers
  2 eidola (Vaults:3)
  2 jiangshi (Depths:3)
  2 green deaths
  5 yaktaur captains
  8 deep elf high priests
  4 entropy weavers
  An entropy weaver (shapeshifter) (D:14)
  5 hydras
  39 vault guards
  8 great orbs of eyes
  A jorogumo (Spider:3)
  7 merfolk avatars
  2 ogre magi
  10 ironbound frosthearts
  2 rakshasas
  14 centaur warriors
  14 ice dragons
  7 boulder beetles
  3 peacekeepers
  A radroach (Spider:2)
  A death knight (D:14)
  A spriggan air mage (Depths:2)
  2 alligator snapping turtles (Shoals:1)
  14 two-headed ogres
  A catoblepas (D:14)
  3 merfolk aquamancers
  14 dancing weapons
  2 deep troll earth magi (Depths:2)
  5 demonic crawlers
  4 satyrs
  4 tengu warriors
  2 spriggan berserkers
  5 deep troll shamans
  A titan zombie (Depths:1)
  9 orc high priests
  A vampire mage (Depths:3)
  A hell knight (Vaults:5)
  14 deep elf knights
  Nergalle (D:10)
  Sonja (Lair:3)
  2 sun demons
  8 pharaoh ants
  8 skeletal warriors
  11 iron trolls
  5 skysharks
  7 orb spiders
  9 sea snakes
  3 flayed ghosts
  A death drake (shapeshifter) (D:14)
  5 glowing orange brains
  55 deep trolls
  Lodul (D:10)
  A sun moth (shapeshifter) (D:13)
  A shadow demon (Depths:1)
  4 steelbarb worms
  4 arcanists
  2 bog bodies (IceCv)
  6 lindwurms
  16 deep elf archers
  12 harpies
  2 sun moths (Spider:4)
  9 orc knights
  4 phantasmal warriors
  14 ironbound convokers
  23 deep elf zephyrmancers
  An oklob plant (D:10)
  34 ugly things
  A steelbarb worm (shapeshifter) (Depths:3)
  10 orc sorcerers
  36 deep elf pyromancers
  19 wolf spiders
  A sphinx simulacrum (Depths:1)
  9 shining eyes
  20 fauns
  2 necromancers
  6 cyclopes
  21 manticores
  24 moths of wrath
  6 merfolk sirens
  An apocalypse crab (Abyss:3)
  A salamander (D:15)
  15 meliai
  28 elephants
  6 black mambas
  An ice statue (IceCv)
  6 kobold blastminers
  3 water nymphs
  13 vault sentinels
  3 eyes of devastation
  4 torpor snails
  3 molten gargoyles (Volcano)
  A gargoyle (D:12)
  An unseen horror (D:11)
  A hellion (Depths:1)
  10 cane toads
  2 smoke demons
  7 komodo dragons
  8 rime drakes
  6 efreet
  2 freezing wraiths
  4 tengu conjurers
  16 yaktaurs
  Psyche (D:10)
  2 ice devils (D:15)
  2 tormentors
  A komodo dragon (shapeshifter) (D:13)
  A troll (shapeshifter) (Depths:4)
  27 merfolk
  9 polar bears
  16 trolls
  3 wind drakes (Shoals:3)
  23 tarantellas
  8 hornets
  2 raiju (D:9)
  9 snapping turtles
  A tarantella (shapeshifter) (D:14)
  18 blink frogs
  A wolf spider simulacrum (D:15)
  2 blink frogs (shapeshifter)
  5 glass eyes
  5 dream sheep
  A dream sheep (shapeshifter) (Depths:2)
  102 slime creatures
  24 jumping spiders
  25 culicivoras
  A stone giant simulacrum (Depths:1)
  7 air elementals
  37 yaks
  A shadow (D:12)
  2 vampires (D:12)
  A dire elephant simulacrum (IceCv)
  14 spriggans
  A spriggan (shapeshifter) (D:14)
  5 wyverns
  8 water elementals
  6 centaur simulacra (D:15)
  7 wraiths
  A wyvern (shapeshifter) (D:15)
  A ynoxinul (D:1)
  8 fire elementals
  A human (D:11)
  9 golden eyes
  A neqoxec (Depths:1)
  3 death yak simulacra (IceCv)
  63 redbacks
  3 basilisks
  9 wargs
  7 vampire mosquitoes
  2 harpy simulacra (IceCv)
  19 water moccasins
  4 hell hounds (D:8)
  2 acid dragons
  An ice beast (shapeshifter) (Depths:4)
  2 sky beasts (D:7)
  5 laughing skulls
  54 orc warriors
  5 boggarts (Lair:5)
  An ice beast (D:6)
  6 black bears
  21 ogres
  32 wolves
  3 centaurs
  5 kobold brigands
  2 phantoms
  The ghost of osoart the Magician, an amateur DEAE (D:3)
  8 bullfrogs
  A gnoll sergeant (D:7)
  A cane toad simulacrum (IceCv)
  2 brain worms (Sewer)
  7 scorpions
  6 two-headed ogre simulacra (IceCv)
  4 earth elementals
  A small abomination (D:5)
  A wight (D:5)
  2 elephant simulacra (IceCv)
  6 killer bees (D:11)
  7 electric eels
  2 howler monkeys
  2 lava snakes (D:11)
  A bombardier beetle (D:5)
  4 hounds
  35 orc priests
  A gnoll bouda (D:5)
  7 jellies
  4 iguanas
  A sleepcap (D:8)
  28 orc wizards
  Terence (D:3)
  4 polar bear simulacra (IceCv)
  5 troll simulacra (IceCv)
  4 spriggan simulacra (IceCv)
  A wolf simulacrum (IceCv)
  A hound zombie (D:3)
  9 gnolls
  6 river rats (Sewer)
  16 adders
  6 naga simulacra (IceCv)
  4 shadow imps
  21 white imps
  10 ufetubi
  An adder zombie (D:3)
  3 ribbon worms
  A dart slug (D:1)
  105 orcs
  14 ball pythons
  7 endoplasms
  4 giant cockroaches
  7 goblins
  11 hobgoblins
  5 jackals (D:2)
  20 kobolds
  3 quokkas
  5 bats
  4 frilled lizards
  11 rats
  7 aspiring fleshes (Zot:1)
  2 butterflies (Lair:1)
  3 fulminant prisms
2375 creatures vanquished.

Vanquished Creatures (collateral kills)
  A vault warden (Vaults:4)
  A dire elephant (D:15)
  An orc (Orc:2)
3 creatures vanquished.

Vanquished Creatures (others)
  An eldritch tentacle (Zot:5)
  An ogre (Zot:2)
  A small abomination (Zot:2)
  A white imp (IceCv)
  An orc (Orc:2)
  92 fulminant prisms
97 creatures vanquished.

Grand Total: 2475 creatures vanquished

Notes
Turn   | Place    | Note
-------+----------+-------------------------------------------
     0 | D:1      | yetimobile the Tengu Conjurer began the quest for the Orb.
     0 | D:1      | Reached XP level 1. HP: 10/10 MP: 4/4
   325 | D:1      | Reached XP level 2. HP: 15/15 MP: 4/6
   368 | D:1      | Learned a level 2 spell: Searing Ray
   405 | D:1      | Reached skill level 6 in Conjurations
   967 | D:2      | Reached XP level 3. HP: 16/19 MP: 3/7
  1205 | D:2      | Reached skill level 7 in Conjurations
  1454 | D:2      | Found a hide-covered altar of Uskayaw.
  1674 | D:3      | Reached XP level 4. HP: 23/24 MP: 2/8
  1935 | D:3      | Noticed an ogre
  1947 | D:3      | Learned a level 4 spell: Fulminant Prism
  1983 | D:3      | Found a glowing drain.
  1983 | D:3      | Noticed Terence
  2001 | D:3      | Killed Terence
  2082 | D:3      | Reached XP level 5. HP: 26/28 MP: 4/10
  2098 | Sewer    | Entered a sewer
  2171 | Sewer    | Noticed a kobold brigand
  2189 | Sewer    | Killed a kobold brigand
  2190 | Sewer    | Reached skill level 3 in Spellcasting
  2190 | Sewer    | Reached skill level 8 in Conjurations
  2345 | Sewer    | Reached XP level 6. HP: 32/32 MP: 6/12
  2888 | Sewer    | Reached skill level 4 in Spellcasting
  2888 | Sewer    | Reached skill level 9 in Conjurations
  3090 | D:3      | Learned a level 4 spell: Iskenderun's Mystic Blast
  3141 | D:3      | Found a runed translucent gate.
  3141 | D:3      | Found a runed translucent gate.
  3141 | D:3      | Found a runed translucent gate.
  3141 | D:3      | Noticed osoart's ghost (amateur DEAE)
  3156 | D:3      | Gained mutation: Your magical flight helps you evade
                  | attacks. (EV +4) [Tengu growth]
  3156 | D:3      | Reached XP level 7. HP: 32/36 MP: 6/14
  3210 | D:3      | Found a basalt altar of Yredelemnul.
  4241 | D:4      | Found a shimmering altar of Xom.
  4560 | D:4      | Found a burning altar of Makhleb.
  4943 | D:5      | Entered Level 5 of the Dungeon
  5080 | D:5      | Reached skill level 5 in Spellcasting
  5096 | D:5      | Reached skill level 10 in Conjurations
  5566 | D:5      | Reached XP level 8. HP: 36/41 MP: 9/16
  5656 | D:5      | Reached skill level 11 in Conjurations
  5777 | D:5      | Reached skill level 1 in Fighting
  5777 | D:5      | Reached skill level 1 in Short Blades
  5946 | D:5      | Reached skill level 2 in Short Blades
  6146 | D:5      | Reached skill level 2 in Fighting
  6582 | D:5      | Found a glowing silver altar of Zin.
  6595 | D:5      | Found Budas's Magic Scroll Emporium.
  6598 | D:5      | Bought a scroll of poison for 48 gold pieces
  6598 | D:5      | Bought a scroll of fog for 48 gold pieces
  6622 | D:5      | Learned a level 3 spell: Mephitic Cloud
  6788 | D:6      | Found a radiant altar of Vehumet.
  6792 | D:6      | Became a worshipper of Vehumet
  6803 | D:6      | Reached skill level 3 in Fighting
  6803 | D:6      | Reached skill level 2 in Air Magic
  7236 | D:5      | Bought a scroll of brand weapon for 114 gold pieces
  7249 | D:6      | Reached skill level 3 in Air Magic
  7282 | D:6      | Found a snail-covered altar of Cheibriados.
  7377 | D:6      | Found a staircase to the Ecumenical Temple.
  7383 | Temple   | Entered the Ecumenical Temple
  7413 | D:6      | Found a shadowy altar of Dithmenos.
  7454 | D:6      | Reached skill level 4 in Fighting
  7486 | D:6      | Found an opulent altar of Gozag.
  7844 | D:6      | Reached skill level 4 in Air Magic
  7890 | D:6      | Found Egeesh's Serpentskin Sales.
  8063 | D:7      | Reached XP level 9. HP: 52/52 MP: 10/17
  8374 | D:7      | Reached * piety under Vehumet
  8374 | D:7      | Offered knowledge of Sandblast by Vehumet.
  8383 | D:7      | Reached skill level 5 in Air Magic
  8553 | D:7      | Reached skill level 5 in Fighting
  8800 | D:7      | Reached skill level 6 in Air Magic
  9093 | D:7      | Reached skill level 3 in Dodging
  9371 | D:7      | Reached skill level 7 in Air Magic
  9685 | D:7      | Reached skill level 4 in Dodging
  9752 | D:8      | Noticed a two-headed ogre
  9760 | D:8      | Killed a two-headed ogre
  9761 | D:8      | Reached skill level 5 in Dodging
  9761 | D:8      | Reached skill level 6 in Spellcasting
  9761 | D:8      | Reached XP level 10. HP: 59/59 MP: 7/20
  9870 | D:8      | Found Maubirri's Antique Weapon Shop.
 10344 | D:6      | Bought a +2 cloak of poison resistance for 277 gold pieces
 10470 | D:8      | Reached skill level 6 in Dodging
 10972 | D:8      | Reached skill level 7 in Dodging
 10972 | D:8      | Reached skill level 7 in Spellcasting
 11191 | D:8      | Learned a level 5 spell: Freezing Cloud
 11361 | D:9      | Found a broken altar of Ashenzari.
 11374 | D:9      | Reached skill level 1 in Ice Magic
 11772 | D:9      | Reached skill level 2 in Ice Magic
 11772 | D:9      | Reached skill level 8 in Air Magic
 12458 | D:10     | Entered Level 10 of the Dungeon
 12458 | D:10     | Noticed an oklob plant
 12458 | D:10     | Noticed Lodul
 12590 | D:10     | Reached skill level 3 in Ice Magic
 12688 | D:10     | Reached skill level 9 in Air Magic
 12693 | D:10     | Identified the +5 ring mail of Undesirable Species {rCorr}
 12754 | D:10     | Found a portal to a secret trove of treasure.
 12767 | D:10     | Noticed a two-headed ogre
 12792 | D:10     | Offered knowledge of Foxfire by Vehumet.
 12802 | D:10     | Killed a two-headed ogre
 12803 | D:10     | Reached skill level 3 in Armour
 12803 | D:10     | Reached XP level 11. HP: 63/64 MP: 2/22
 12925 | D:10     | Reached ** piety under Vehumet
 12926 | D:10     | Reached skill level 4 in Armour
 12944 | D:10     | Reached skill level 5 in Armour
 12948 | D:10     | Killed Lodul
 13097 | D:10     | Reached skill level 6 in Armour
 13489 | D:10     | Noticed Psyche
 13496 | D:10     | Killed Psyche
 13498 | D:10     | Noticed Nergalle
 13763 | D:10     | Found a staircase to the Lair.
 13881 | D:10     | Killed an oklob plant
 13882 | D:10     | Reached skill level 7 in Armour
 13988 | D:10     | Upgraded the game from 0.31-a0-1626-g5cb510d322 to
                  | 0.32-a0-7-ge934b4519a
 13989 | Lair:1   | Entered Level 1 of the Lair of Beasts
 14002 | Lair:1   | Reached skill level 8 in Armour
 14008 | Lair:1   | Reached skill level 9 in Armour
 14242 | Lair:1   | Reached skill level 10 in Air Magic
 14408 | Lair:1   | Offered knowledge of Hailstorm by Vehumet.
 14471 | Lair:1   | Reached skill level 11 in Air Magic
 14637 | Lair:1   | Reached XP level 12. HP: 68/68 MP: 12/23
 14785 | Lair:1   | Reached skill level 12 in Air Magic
 15055 | Lair:1   | Reached skill level 13 in Air Magic
 15154 | Lair:1   | Reached *** piety under Vehumet
 15160 | Lair:1   | Reached skill level 14 in Air Magic
 15754 | Lair:2   | Noticed a boulder beetle
 16051 | Lair:2   | Reached skill level 6 in Fighting
 16094 | Lair:2   | Offered knowledge of Inner Flame by Vehumet.
 16112 | Lair:2   | Reached skill level 8 in Dodging
 16339 | Lair:1   | Learned a level 3 spell: Inner Flame
 16677 | Lair:2   | Reached skill level 7 in Fighting
 16876 | Lair:2   | Reached skill level 1 in Long Blades
 16886 | Lair:2   | Reached skill level 2 in Long Blades
 17190 | Lair:2   | Reached skill level 1 in Fire Magic
 17491 | Lair:3   | Reached **** piety under Vehumet
 17492 | Lair:3   | Reached skill level 1 in Throwing
 17501 | Lair:3   | Reached skill level 2 in Fire Magic
 17501 | Lair:3   | Reached XP level 13. HP: 76/76 MP: 17/24
 17507 | Lair:3   | Offered knowledge of Fireball by Vehumet.
 17585 | Lair:3   | Reached skill level 2 in Throwing
 17823 | Lair:3   | Noticed Sonja
 17832 | Lair:3   | Killed Sonja
 17833 | Lair:3   | Reached skill level 3 in Throwing
 17841 | Lair:3   | Learned a level 5 spell: Fireball
 18024 | Lair:3   | Reached skill level 1 in Alchemy
 18034 | Lair:3   | Reached skill level 2 in Alchemy
 18213 | Lair:3   | Reached skill level 3 in Alchemy
 18764 | Lair:3   | Found a hole to the Spider Nest.
 18806 | Lair:3   | Reached skill level 4 in Alchemy
 19191 | Lair:3   | Reached skill level 1 in Evocations
 19584 | Lair:4   | Reached skill level 2 in Evocations
 19603 | Lair:4   | Reached skill level 3 in Evocations
 19740 | Lair:4   | Reached skill level 4 in Evocations
 19750 | Lair:4   | Reached ***** piety under Vehumet
 19916 | Lair:4   | Offered knowledge of Conjure Ball Lightning by Vehumet.
 19943 | Lair:4   | Reached skill level 5 in Evocations
 19968 | Lair:4   | Found a dark tunnel.
 20001 | Volcano  | Entered a volcano
 20210 | Volcano  | Reached skill level 6 in Evocations
 20543 | Volcano  | Reached skill level 7 in Evocations
 21314 | Lair:4   | Reached skill level 8 in Evocations
 21647 | Lair:5   | Entered Level 5 of the Lair of Beasts
 21658 | Lair:4   | Reached skill level 3 in Long Blades
 21658 | Lair:4   | Reached XP level 14. HP: 72/82 MP: 17/26
 21716 | Lair:5   | Reached skill level 4 in Long Blades
 21833 | Lair:5   | Reached skill level 5 in Long Blades
 22109 | Lair:5   | Reached skill level 6 in Long Blades
 22795 | Lair:5   | Reached skill level 7 in Long Blades
 22843 | Lair:5   | Offered knowledge of Ignite Poison by Vehumet.
 23202 | Lair:5   | Reached skill level 8 in Long Blades
 23732 | Lair:5   | Reached skill level 9 in Long Blades
 23922 | Lair:5   | Found a staircase to the Slime Pits.
 24621 | Lair:2   | Found a staircase to the Shoals.
 24916 | D:11     | Identified the +10 rapier of Reydgh {freeze, rC++}
 24920 | D:11     | Found a gate leading to a gauntlet.
 24962 | Gauntlet | Entered a Gauntlet
 24962 | Gauntlet | Found a transporter.
 24997 | Gauntlet | Found a transporter.
 25004 | Gauntlet | Found a transporter.
 25032 | Gauntlet | Found a transporter.
 25058 | Gauntlet | Found a transporter.
 25075 | Gauntlet | Noticed a quicksilver ooze
 25076 | Gauntlet | Found a transporter.
 25083 | Gauntlet | Reached skill level 8 in Spellcasting
 25086 | Gauntlet | Found a transporter.
 25112 | Gauntlet | Found a transporter.
 25119 | Gauntlet | HP: 10/123 [quicksilver ooze (8)]
 25121 | Gauntlet | Killed a quicksilver ooze
 25362 | Gauntlet | Found a transporter.
 25372 | Gauntlet | Found a transporter.
 25373 | Gauntlet | Found a transporter.
 25445 | Gauntlet | Identified the ring of Xoang {rElec AC+4 Int+2}
 25446 | Gauntlet | Learned a level 6 spell: Plasma Beam
 25589 | D:11     | Found a frozen archway.
 25662 | IceCv    | Entered an ice cave
 25775 | IceCv    | Offered knowledge of Ozocubu's Refrigeration by Vehumet.
 25811 | IceCv    | Reached skill level 9 in Spellcasting
 27237 | IceCv    | Identified the ring "Quuv" {Will+ Str+4}
 27588 | D:11     | Reached skill level 4 in Ice Magic
 27835 | D:11     | Found a staircase to the Orcish Mines.
 27885 | D:11     | Reached skill level 5 in Ice Magic
 28129 | D:11     | Reached XP level 15. HP: 86/86 MP: 9/29
 28235 | D:11     | Reached skill level 6 in Ice Magic
 28567 | D:11     | Learned a level 7 spell: Ozocubu's Refrigeration
 28610 | D:11     | Found a runed translucent door.
 28610 | D:11     | Found the +10 morningstar "Eos" {elec, Halo rElec}
 28632 | D:11     | Reached skill level 3 in Short Blades
 28865 | D:11     | Found a runed translucent gate.
 28865 | D:11     | Found a runed translucent gate.
 28865 | D:11     | Found a runed translucent gate.
 28865 | D:11     | Found a runed translucent gate.
 28865 | D:11     | Found a runed translucent gate.
 28865 | D:11     | Found a runed translucent gate.
 28986 | D:11     | Offered knowledge of Bombard by Vehumet.
 28994 | D:11     | Reached skill level 7 in Ice Magic
 29126 | Orc:1    | Entered Level 1 of the Orcish Mines
 29295 | Orc:1    | Reached skill level 8 in Ice Magic
 29348 | Orc:1    | Found Dulaic's Antique Armour Shop.
 29422 | Orc:1    | Bought a twisted robe for 188 gold pieces
 29422 | Orc:1    | Identified the +0 robe of the Eight Boll Weevils {rN+ Int-5
                  | Archmagi} (You bought it in a shop on level 1 of the Orcish
                  | Mines)
 29422 | Orc:1    | Bought a shimmering robe for 188 gold pieces
 29422 | Orc:1    | Identified the +1 robe of the Teaching Gods {Int+5} (You
                  | bought it in a shop on level 1 of the Orcish Mines)
 29505 | Orc:1    | You are sucked into a shaft and drop 1 floor!
 29505 | Orc:2    | Entered Level 2 of the Orcish Mines
 29658 | Orc:2    | Found a staircase to the Elven Halls.
 30204 | Orc:2    | Reached skill level 9 in Ice Magic
 30659 | Orc:2    | Offered knowledge of Spellforged Servitor by Vehumet.
 31050 | Orc:2    | Reached skill level 10 in Ice Magic
 31253 | Orc:2    | Noticed an orc warlord
 32492 | Orc:1    | Offered knowledge of Starburst by Vehumet.
 32498 | Orc:1    | Reached skill level 11 in Ice Magic
 33642 | Orc:2    | Reached skill level 12 in Ice Magic
 33979 | Orc:2    | Found Teycuzymu's Antique Armour Shop.
 34187 | Orc:2    | Found Caoc Gur's Armour Emporium.
 34553 | Orc:2    | Found Hiasen's Antique Armour Emporium.
 34752 | Orc:2    | Found Xiugitul's Magic Scroll Shoppe.
 35214 | Orc:2    | Bought a scroll of acquirement for 728 gold pieces
 35214 | Orc:2    | Bought a scroll of acquirement for 728 gold pieces
 35321 | D:10     | Killed Nergalle
 35434 | D:10     | You paid a toll of 2 scrolls of acquirement to enter a
                  | treasure trove
 35435 | Trove    | Entered a treasure trove
 35439 | Trove    | Identified the +1 chain mail "Xinetorph" {Will++ Int+3}
 35443 | Trove    | Identified the +8 kite shield of Dice, Bag, and Bottle
                  | {^Drain Int+3 Stlth+}
 35445 | Trove    | Identified the +1 hat "Girharyc" {rElec}
 35455 | Trove    | Identified the +0 tower shield of Amelioration {rF+ rC+++
                  | Stlth+}
 35460 | Trove    | Identified the +1 cloak of Classification {rElec rF+ MP+9}
 35466 | Trove    | Identified the +1 cloak of Vanity {Rampage rF+ rC+}
 35470 | Trove    | Identified the +0 hat of Maxoh {rC+ Int+3 SInv}
 35625 | D:12     | Reached skill level 1 in Shields
 35651 | D:12     | Noticed Frances
 35833 | D:12     | Reached skill level 2 in Shields
 35940 | D:12     | Reached skill level 3 in Shields
 35978 | D:12     | Offered knowledge of Maxwell's Capacitive Coupling by
                  | Vehumet.
 36006 | D:12     | Reached skill level 4 in Shields
 36149 | D:12     | Killed Frances
 36556 | Orc:2    | Bought a pair of runed gloves for 180 gold pieces
 36839 | D:13     | Reached skill level 5 in Shields
 36958 | D:13     | Noticed Haduh's ghost (journeyman FeSh)
 36975 | D:13     | Found a runed translucent gate.
 36975 | D:13     | Found a runed translucent gate.
 36975 | D:13     | Found a runed translucent gate.
 37020 | D:13     | Reached XP level 16. HP: 91/92 MP: 22/30
 37139 | D:13     | Noticed Snorg
 37147 | D:13     | Killed Snorg
 37212 | D:13     | Reached skill level 6 in Shields
 37552 | D:13     | Reached skill level 7 in Shields
 37715 | D:13     | Found a gate to the Vaults.
 38048 | Spider:1 | Entered Level 1 of the Spider Nest
 38051 | Spider:1 | Noticed Mlioglotl
 38066 | Lair:3   | Killed Mlioglotl
 38169 | Spider:1 | Reached skill level 10 in Spellcasting
 38485 | Spider:1 | Reached skill level 8 in Shields
 40207 | Spider:2 | Reached skill level 9 in Evocations
 40554 | Spider:2 | Reached skill level 11 in Spellcasting
 40790 | Spider:2 | Noticed Asterion
 40794 | Spider:2 | Noticed an Executioner
 40798 | Spider:2 | HP: 4/92 [Asterion/+0 spectral morningstar (8)]
 41554 | Spider:2 | Identified the serpent talisman "Ibujam" {rC+}
 41554 | Spider:2 | Noticed Aizul
 41579 | Spider:2 | Identified the +3 chain mail "Ybbic" {rElec rC- Dex+3}
 42055 | Spider:2 | Reached skill level 12 in Spellcasting
 42083 | Spider:2 | Killed Asterion
 42423 | Spider:2 | Reached ****** piety under Vehumet
 42536 | Spider:2 | Killed Aizul
 42788 | Spider:3 | Learned a level 8 spell: Maxwell's Capacitive Coupling
 42882 | Spider:3 | Identified the +1 cloak of Meager Awe {Dex+3 Stlth+}
 43130 | Spider:3 | Identified the +2 whip "Kyojun" {freeze, rElec rF+}
 43158 | Spider:3 | Reached XP level 17. HP: 97/97 MP: 34/34
 43177 | Spider:3 | Offered knowledge of Lehudib's Crystal Spear by Vehumet.
 43177 | Spider:3 | Offered knowledge of Chain Lightning by Vehumet.
 43177 | Spider:3 | Offered knowledge of Ignition by Vehumet.
 43178 | Spider:3 | Reached skill level 8 in Fighting
 44255 | Spider:4 | Entered Level 4 of the Spider Nest
 44301 | Spider:4 | Reached skill level 9 in Fighting
 44581 | Spider:4 | Reached skill level 10 in Fighting
 45376 | Spider:4 | Reached skill level 11 in Fighting
 46467 | Spider:4 | Reached skill level 12 in Fighting
 46896 | Spider:4 | Got a gossamer rune of Zot
 46922 | Spider:4 | Gained mutation: Your muscles are strong. (Str +4, Int/Dex
                  | -1) [potion of mutation]
 46922 | Spider:4 | Gained mutation: You passively map a small area around you.
                  | [potion of mutation]
 47184 | Shoals:1 | Entered Level 1 of the Shoals
 47628 | D:3      | Killed osoart's ghost
 48018 | D:14     | Reached skill level 15 in Air Magic
 48615 | D:14     | Reached skill level 16 in Air Magic
 49340 | D:14     | Reached XP level 18. HP: 112/112 MP: 32/35
 49737 | D:15     | Entered Level 15 of the Dungeon
 49762 | D:15     | Noticed Hehag's ghost (journeyman MiBe)
 49762 | D:15     | Found the +5 demon whip "Spellbinder" {antimagic, disrupt,
                  | Will+}
 49764 | D:15     | Noticed Agnes
 49791 | D:15     | Reached skill level 17 in Air Magic
 50122 | D:15     | Noticed Louise
 50278 | D:15     | Paralysed by an ogre mage for 3 turns
 50282 | D:15     | Reached skill level 18 in Air Magic
 50550 | D:15     | Killed Agnes
 50818 | D:15     | Found a runed translucent gate.
 50818 | D:15     | Found a runed translucent gate.
 50818 | D:15     | Found a runed translucent gate.
 51162 | Abyss:3  | Cast into level 3 of the Abyss (Louise)
 51205 | D:15     | Escaped the Abyss
 51213 | D:15     | Killed Louise
 51342 | D:15     | Found a staircase to the Depths.
 52835 | Shoals:1 | Reached skill level 12 in Conjurations
 53480 | Shoals:1 | Reached skill level 13 in Conjurations
 53664 | Shoals:1 | Identified the +1 spear "Enwourup" {flame, Will+ Int+4}
 54134 | Shoals:2 | Identified the +1 ring mail of the Insatiable Stories
                  | {^Contam Harm rPois Dex+9}
 54294 | Shoals:2 | Reached skill level 14 in Conjurations
 55323 | Shoals:3 | Reached skill level 15 in Conjurations
 55517 | Shoals:3 | Reached XP level 19. HP: 117/117 MP: 30/36
 56171 | Shoals:3 | Reached skill level 16 in Conjurations
 56239 | Shoals:4 | Entered Level 4 of the Shoals
 56404 | Shoals:4 | Reached skill level 17 in Conjurations
 56718 | Shoals:4 | Identified the +3 sling of Imbalance {speed, *Slow rC++}
 57108 | Shoals:4 | Reached skill level 18 in Conjurations
 57320 | Shoals:4 | Got a barnacled rune of Zot
 57875 | Shoals:4 | Identified the +1 ring mail "Lanak" {rPois rF+}
 57995 | Shoals:4 | Got the Almanac of Topology
 58122 | Shoals:4 | Learned a level 5 spell: Arcjolt
 58336 | D:13     | Upgraded the game from 0.32-a0-7-ge934b4519a to
                  | 0.32-a0-12-g7fc57aa741
 58337 | Vaults:1 | Entered Level 1 of the Vaults
 58392 | Vaults:1 | Reached skill level 9 in Dodging
 58633 | Vaults:1 | Reached skill level 9 in Shields
 59196 | Vaults:1 | Found Vyckoukk's Magic Scroll Emporium.
 59323 | Vaults:1 | Reached skill level 10 in Dodging
 59707 | Vaults:1 | Reached skill level 1 in Maces & Flails
 59783 | Vaults:1 | Reached skill level 2 in Maces & Flails
 59792 | Vaults:1 | Reached skill level 3 in Maces & Flails
 59883 | Vaults:1 | Reached skill level 4 in Maces & Flails
 60309 | Vaults:1 | Acquired a staff of air
 60331 | Vaults:2 | Reached skill level 5 in Maces & Flails
 60331 | Vaults:2 | Reached XP level 20. HP: 123/123 MP: 35/37
 60339 | Vaults:2 | Paralysed by a formless jellyfish for 1 turns
 60699 | Vaults:2 | Reached skill level 6 in Maces & Flails
 60747 | Vaults:1 | Paralysed by a formless jellyfish for 1 turns
 60887 | Vaults:2 | Reached skill level 7 in Maces & Flails
 61161 | Vaults:2 | Reached skill level 8 in Maces & Flails
 61438 | Vaults:2 | Reached skill level 9 in Maces & Flails
 61646 | Vaults:2 | Reached skill level 10 in Maces & Flails
 61867 | Vaults:2 | Found a staircase to the Crypt.
 61867 | Vaults:2 | Found an ancient bone altar of Kikubaaqudgha.
 61868 | Vaults:2 | Found a basalt altar of Yredelemnul.
 61923 | Vaults:2 | Noticed Sojobo
 61935 | Vaults:2 | Killed Sojobo
 62911 | Vaults:3 | Reached skill level 13 in Spellcasting
 63316 | Vaults:3 | Noticed Nikola
 63320 | Vaults:3 | Killed Nikola
 63342 | Vaults:3 | Found Peirhoaw's Book Emporium.
 63892 | Vaults:3 | Reached skill level 14 in Spellcasting
 64064 | Vaults:3 | Identified the +8 flail of the Usurping Fox {heavy, rPois
                  | Str-2 Int+3}
 64696 | Vaults:3 | Reached XP level 21. HP: 128/128 MP: 40/40
 64849 | Vaults:4 | Identified the orb "Yfrylan" {light, rElec MP+9 Dex-5}
 64849 | Vaults:4 | Noticed Frederick
 64857 | Vaults:4 | Killed Frederick
 64858 | Vaults:4 | Reached skill level 15 in Spellcasting
 65519 | Vaults:4 | Identified the +1 scimitar of the Decaying God {speed,
                  | rF++}
 65567 | Vaults:4 | Noticed Donald
 65573 | Vaults:4 | Killed Donald
 65613 | Vaults:4 | Found Kilusir's General Store.
 65681 | Vaults:4 | Reached skill level 16 in Spellcasting
 65697 | Vaults:4 | Learned a level 9 spell: Chain Lightning
 65965 | Vaults:4 | Noticed Boris
 65977 | Vaults:4 | Killed Boris
 66820 | D:15     | Reached skill level 19 in Air Magic
 66823 | D:15     | Killed Hehag's ghost
 67355 | D:15     | Got the ring "Xugefual" {Fire rPois}
 67715 | Elf:1    | Entered Level 1 of the Elven Halls
 68083 | Elf:1    | Reached skill level 19 in Conjurations
 68633 | Elf:1    | Found a huge runed translucent gate.
 68633 | Elf:1    | Found a huge runed translucent gate.
 68633 | Elf:1    | Found a huge runed translucent gate.
 68846 | Elf:1    | Found a huge runed translucent gate.
 68846 | Elf:1    | Found a huge runed translucent gate.
 69108 | Elf:1    | Found a huge runed translucent gate.
 69109 | Elf:1    | Found a huge runed translucent gate.
 69110 | Elf:1    | Found a huge runed translucent gate.
 69110 | Elf:1    | Found a huge runed translucent gate.
 69113 | Elf:1    | Found a huge runed translucent gate.
 69113 | Elf:1    | Found a huge runed translucent gate.
 69114 | Elf:1    | Found a huge runed translucent gate.
 69115 | Elf:1    | Found a huge runed translucent gate.
 69115 | Elf:1    | Found a huge runed translucent gate.
 69116 | Elf:1    | Found a huge runed translucent gate.
 69116 | Elf:1    | Found a huge runed translucent gate.
 69116 | Elf:1    | Found a huge runed translucent gate.
 69116 | Elf:1    | Found a huge runed translucent gate.
 69117 | Elf:1    | Found a huge runed translucent gate.
 69117 | Elf:1    | Found a huge runed translucent gate.
 69862 | Elf:1    | Reached skill level 20 in Air Magic
 70174 | Elf:2    | Paralysed by an air elemental for 1 turns
 70499 | Elf:2    | Reached skill level 20 in Conjurations
 70499 | Elf:2    | Reached XP level 22. HP: 103/126 MP: 43/43
 70583 | Elf:2    | Found Orphutent's General Store.
 70585 | Elf:2    | Found Uxenaofo's Assorted Antiques.
 70587 | Elf:2    | Found Xacro's Book Shop.
 70593 | Elf:2    | Bought a scroll of fear for 148 gold pieces
 70727 | Elf:2    | Found a runed translucent gate.
 70727 | Elf:2    | Found a runed translucent gate.
 70738 | Elf:2    | Found a runed translucent gate.
 71117 | Elf:3    | Entered Level 3 of the Elven Halls
 71552 | Elf:3    | Noticed Zenata
 71557 | Elf:3    | Killed Zenata
 71813 | Elf:3    | Found Bapt's Weapon Shop.
 71984 | Elf:3    | Reached skill level 21 in Air Magic
 72384 | Elf:3    | Paralysed by an air elemental for 1 turns
 72389 | Elf:3    | Paralysed by an air elemental for 1 turns
 72392 | Elf:3    | Paralysed by an air elemental for 1 turns
 72528 | Elf:3    | Reached skill level 21 in Conjurations
 72725 | Elf:3    | Identified the +2 robe of Jerid {-Tele *Slow rN++ Str+8}
 72788 | Elf:3    | Identified the ring "Jeeschet" {Will+ Stlth+}
 72857 | Elf:3    | Identified the +10 spear of Dung {flame, ^Contam ^Drain
                  | rPois rCorr}
 73220 | Elf:3    | Identified the ring "Inesul" {rF+ Will+}
 73328 | Elf:3    | Identified the death talisman "Pemuw" {rElec rF+ Str+4
                  | Stlth+}
 73333 | Elf:3    | Got Pyad's Cyclopedia of Pyromancy
 73336 | Elf:3    | Identified the +2 triple crossbow of the Land of Plenty
                  | {drain, rCorr}
 73338 | Elf:3    | Identified the staff of Dim Light {rElec rC+ rCorr Stlth-
                  | Air Alchemy}
 73504 | Elf:3    | Identified the ring "Keutt" {rF+ Slay+3 SInv}
 73689 | Orc:2    | Bought a +1 pair of gloves of dexterity for 214 gold pieces
 73878 | D:13     | Killed Haduh's ghost
 73924 | Depths:1 | Entered Level 1 of the Depths
 73940 | Depths:1 | Reached skill level 22 in Air Magic
 74445 | Depths:1 | Found a one-way gate leading to the halls of Pandemonium.
 74737 | Depths:1 | Reached skill level 22 in Conjurations
 75175 | Depths:1 | Found Myosuo's Antique Armour Emporium.
 75183 | Depths:1 | Bought a scorched leather armour for 280 gold pieces
 75183 | Depths:1 | Identified the +0 leather armour of Undesirable Species
                  | {+Inv rC+ rN+ Will+} (You bought it in a shop on level 1 of
                  | the Depths)
 75275 | Depths:1 | Found a gateway to Hell.
 75279 | Depths:1 | Identified the +1 helmet of Foolhardiness {rC+ Regen+}
 75370 | Depths:1 | Noticed a golden dragon
 75968 | Depths:2 | Noticed Boris
 75972 | Depths:2 | Killed Boris
 76293 | Depths:2 | Found a one-way gateway to a ziggurat.
 76331 | Depths:2 | Reached XP level 23. HP: 121/138 MP: 41/44
 76516 | Depths:2 | Reached skill level 23 in Air Magic
 76778 | Depths:2 | Noticed a juggernaut
 76784 | Depths:2 | Killed a juggernaut
 76912 | Depths:2 | Reached skill level 23 in Conjurations
 77661 | Depths:2 | Noticed Mara
 77666 | Depths:2 | Killed Mara
 77757 | Depths:2 | Got the Collected Works on Combat Magic
 77771 | Depths:2 | Identified the +6 orcbow of Quosoth {freeze, SInv}
 78864 | Depths:2 | Reached skill level 13 in Fighting
 78993 | Depths:3 | Noticed a caustic shrike
 79062 | Depths:3 | Killed a caustic shrike
 79263 | Depths:3 | Noticed a dread lich
 79275 | Depths:3 | Killed a dread lich
 79539 | Depths:3 | Reached skill level 14 in Fighting
 79626 | Depths:3 | Acquired a staff of conjuration
 79687 | Depths:3 | Noticed a golden dragon
 79691 | Depths:3 | Killed a golden dragon
 79809 | Depths:3 | Noticed a juggernaut
 79813 | Depths:3 | Killed a juggernaut
 80005 | Depths:3 | Noticed a caustic shrike
 80008 | Depths:3 | Killed a caustic shrike
 80194 | Depths:3 | Found a one-way gate to the infinite horrors of the Abyss.
 80443 | Depths:4 | Entered Level 4 of the Depths
 80686 | Depths:4 | Noticed a golden dragon
 80692 | Depths:4 | Killed a golden dragon
 80693 | Depths:4 | Reached skill level 15 in Fighting
 81444 | Depths:4 | Noticed a caustic shrike
 81444 | Depths:4 | Noticed a caustic shrike
 81444 | Depths:4 | Noticed a golden dragon
 81646 | D:14     | Reached XP level 24. HP: 152/152 MP: 41/44
 81759 | Vaults:4 | Learned a level 3 spell: Swiftness
 81763 | Vaults:5 | Entered Level 5 of the Vaults
 81765 | Vaults:5 | Reached skill level 10 in Shields
 81766 | Vaults:5 | Reached skill level 11 in Dodging
 81773 | Vaults:5 | Noticed Margery
 82523 | Slime:1  | Entered Level 1 of the Pits of Slime
 82562 | Slime:1  | Reached skill level 11 in Shields
 83494 | Slime:2  | Reached skill level 12 in Dodging
 83498 | Slime:2  | Gained mutation: Your magical capacity is low. (-10% MP) [a
                  | shining eye]
 84180 | Slime:4  | Reached skill level 12 in Shields
 84560 | Slime:5  | Entered Level 5 of the Pits of Slime
 84571 | Slime:5  | Reached skill level 13 in Dodging
 84751 | Slime:5  | Noticed the Royal Jelly
 85267 | Slime:3  | Noticed Dissolution
 85272 | Slime:3  | Reached skill level 13 in Shields
 85907 | Slime:3  | Killed Dissolution
 85908 | Slime:3  | Reached skill level 14 in Dodging
 86120 | Slime:3  | You are sucked into a shaft and drop 1 floor!
 86387 | Slime:5  | Reached XP level 25. HP: 138/157 MP: 34/40
 86721 | Slime:5  | Found a viscous altar of Jiyva.
 86749 | Slime:5  | Reached skill level 14 in Shields
 86846 | Slime:5  | Killed the Royal Jelly
 86847 | Slime:5  | Reached skill level 15 in Dodging
 87044 | Slime:5  | Got a slimy rune of Zot
 87159 | Slime:5  | Got the Disquisition on the Ensnaring Congregation
 87167 | Slime:5  | Identified the +7 scale mail of the Evil One {Rampage}
 87548 | Slime:5  | Learned a level 2 spell: Blink
 87553 | Slime:5  | Learned a level 4 spell: Vhi's Electric Charge
 87948 | Depths:4 | Reached skill level 10 in Evocations
 88177 | Depths:4 | Reached skill level 11 in Evocations
 88671 | Depths:4 | Reached skill level 12 in Evocations
 88970 | Depths:4 | Found a gate to the Realm of Zot.
 89288 | Depths:4 | Reached skill level 13 in Evocations
 89666 | Zot:1    | Entered Level 1 of the Realm of Zot
 90006 | Zot:1    | Reached skill level 14 in Evocations
 90584 | Zot:1    | Reached skill level 15 in Evocations
 90949 | Zot:1    | Identified the +6 war axe of Dominance {holy, ^Drain rN+
                  | Str+6}
 90977 | Zot:1    | Reached XP level 26. HP: 163/163 MP: 26/40
 91270 | Zot:1    | Got Suettezau's Papyrus of Hyperbolic Hermetica
 91451 | Zot:1    | Noticed a Killer Klown
 91455 | Zot:1    | Killed a Killer Klown
 91462 | Zot:1    | Reached skill level 16 in Evocations
 92566 | Zot:2    | Reached skill level 17 in Evocations
 93109 | Zot:2    | Reached skill level 18 in Evocations
 93412 | Zot:2    | Found a runed translucent door.
 93417 | Zot:2    | Noticed Qaniympis's ghost (veteran DgEE)
 94713 | Zot:3    | Reached skill level 19 in Evocations
 94816 | Zot:3    | Reached skill level 16 in Fighting
 95529 | Zot:3    | Reached skill level 11 in Maces & Flails
 95830 | Zot:5    | Entered Level 5 of the Realm of Zot
 96050 | Zot:4    | Noticed a Killer Klown
 96055 | Zot:4    | Killed a Killer Klown
 96383 | Zot:4    | Noticed a Killer Klown
 96397 | Zot:4    | Killed a Killer Klown
 97200 | Zot:5    | Reached skill level 12 in Maces & Flails
 97203 | Zot:5    | Noticed a dread lich
 97210 | Zot:5    | Killed a dread lich
 97343 | Zot:5    | Reached XP level 27. HP: 102/170 MP: 40/40
 97499 | Zot:5    | Noticed an ancient lich
 97515 | Zot:5    | Reached skill level 17 in Fighting
 97651 | Zot:5    | Reached skill level 13 in Maces & Flails
 97669 | Zot:5    | Noticed an ancient lich
 97729 | Zot:5    | Noticed a dread lich
 97734 | Zot:5    | Killed a dread lich
 97776 | Zot:5    | Killed an ancient lich
 97804 | Zot:5    | Noticed an orb of fire
 97809 | Zot:5    | Killed an orb of fire
 97861 | Zot:5    | Noticed an ancient lich
 97867 | Zot:5    | Killed an ancient lich
 97868 | Zot:5    | Reached skill level 18 in Fighting
 97978 | Zot:5    | Noticed an ancient lich
 97990 | Zot:5    | Killed an ancient lich
 97990 | Zot:5    | Noticed an orb of fire
 98061 | Zot:5    | Gained mutation: You occasionally lose the ability to read
                  | scrolls when taking damage. [an orb of fire]
 98108 | Zot:5    | Gained mutation: You are vulnerable to heat. (rF-) [an orb
                  | of fire]
 98111 | Zot:5    | Killed an orb of fire
 98115 | Zot:5    | Killed an ancient lich
 98121 | Zot:5    | Noticed an orb of fire
 98328 | Zot:1    | Lost mutation: You passively map a small area around you.
                  | [potion of mutation]
 98328 | Zot:1    | Lost mutation: Your magical capacity is low. (-10% MP)
                  | [potion of mutation]
 98328 | Zot:1    | Gained mutation: You have hidden genetic defects. [potion
                  | of mutation]
 98469 | Depths:2 | Lost mutation: Your muscles are strong. (Str +4, Int/Dex
                  | -1) [potion of mutation]
 98469 | Depths:2 | Lost mutation: You occasionally lose the ability to read
                  | scrolls when taking damage. [potion of mutation]
 98469 | Depths:2 | Gained mutation: Your spells are a little easier to cast,
                  | but a little less powerful. [potion of mutation]
 98667 | D:11     | Lost mutation: You are vulnerable to heat. (rF-) [potion of
                  | mutation]
 98667 | D:11     | Lost mutation: Your spells are a little easier to cast, but
                  | a little less powerful. [potion of mutation]
 98667 | D:11     | Lost mutation: You have hidden genetic defects. [potion of
                  | mutation]
 98667 | D:11     | Gained mutation: You are frail. (-10% HP) [potion of
                  | mutation]
 98667 | D:11     | Gained mutation: Your magical capacity is low. (-10% MP)
                  | [potion of mutation]
 98667 | D:11     | Gained mutation: You have sharp fingernails. [potion of
                  | mutation]
 99073 | Zot:5    | Noticed an ancient lich
 99077 | Zot:5    | Killed an ancient lich
 99079 | Zot:5    | Noticed a dread lich
 99083 | Zot:5    | Killed a dread lich
 99185 | Zot:5    | Reached skill level 19 in Fighting
 99209 | Zot:5    | Killed an orb of fire
 99374 | Zot:5    | Noticed a dread lich
 99398 | Zot:5    | Killed a dread lich
 99923 | Zot:5    | Reached skill level 20 in Fighting
100014 | Zot:5    | Noticed an ancient lich
100019 | Zot:5    | Killed an ancient lich
100315 | Zot:5    | Gained mutation: Your magical capacity is very low. (-20%
                  | MP) [mutagenic glow]
100328 | Zot:5    | Gained mutation: Your body sometimes deteriorates upon
                  | taking damage. [mutagenic glow]
100387 | Zot:5    | Got the Orb of Zot
100503 | Zot:2    | Noticed Vomel the pandemonium lord
100518 | Zot:2    | Noticed Dasu Hyd the pandemonium lord
100530 | Zot:2    | Killed Dasu Hyd the pandemonium lord
100985 | D:5      | Noticed Huvvoec the pandemonium lord
100985 | D:5      | Noticed an ancient lich
101112 | D:1      | Noticed Hitaf the pandemonium lord
101116 | D:1      | Killed Hitaf the pandemonium lord
101121 | D:1      | Noticed Fodelero the pandemonium lord
101124 | D:$      | Escaped with the Orb!

Illustrated notes

Levels and vault maps discovered:
D:1:      dpeg_arrival_pits, layout_loops_ring
D:2:      layout_basic, basic_altar, amcnicky_mini_corridor_feature,
          due_unseen_surprise
D:3:      layout_basic, nicolae_yredelemnul_ghost_church, gup_sewer_entry_glass,
          minmay_misc_feat_doors, uniq_terence
D:4:      layout_loops_corners, mainiacjoe_overflow_24_doors,
          amcnicky_altar_gilded
D:5:      minmay_inner_zag, layout_basic, old_standard_altar, serial_shops,
          kennysheep_mini_moat, nicolae_figureground_pulse
D:6:      layout_basic, vehumet_crystals, mainiacjoe_overflow_catch_the_wave,
          cheibriados_altar_1, minmay_temple_entry_enclosed_plants,
          guppyfry_shop_venom
D:7:      layout_basic, st_stairs_14
D:8:      layout_loops_corners, serial_shops, nicolae_shop_peninsula
D:9:      layout_loops_ring, mainiacjoe_overflow_surrounded_room,
          nicolae_have_a_lightning_rod
D:10:     layout_cave_pools, dpeg_oklobed_lair, enter_trove_2,
          chequers_serial_rivers_marsh, grunt_ministairs_6, uniq_psyche,
          uniq_lodul, uniq_nergalle
D:11:     gammafunk_indiana_jones, layout_cave_pods, erik_orc_4,
          portal_ice_cave_entry_imps, gauntlet_entry_generic
D:12:     layout_rooms, minmay_misc_feat_alley, uniq_frances
D:13:     layout_roguey, skrybe_vaults_entry_preservation,
          gammafunk_ghost_split, serial_bayou_pond_b, uniq_snorg
D:14:     minmay_chopped_fan, layout_long_grid, skrybe_limestone_x
D:15:     hangedman_depths_entry_try_elsewhere_first, layout_grid_maze,
          reono_crystal_passage, gammafunk_ghost_icy, minmay_quadrilaterals,
          uniq_louise, uniq_agnes
Temple:   nicolae_temple_ecumenical_triangle
Lair:1:   layout_hall_layers, lemuel_fruit_fields
Lair:2:   layout_small_grid, minmay_shoals_entry_beasts, grunt_megastairs_1,
          lemuel_fruit_tree
Lair:3:   layout_regular_city, nicolae_spider_entry_non_spiders,
          serial_bayou_shore_a, uniq_sonja
Lair:4:   layout_misc_corridors, nicolae_volcano_entry_vermiform
Lair:5:   minmay_lair_end_enchanted_forest, layout_misc_corridors,
          nicolae_slime_entry_field_trip, serial_bayou_shore_b
Shoals:1: layout_shoals, nicolae_shoals_the_drawing_of_the_three
Shoals:2: layout_shoals, nicolae_shoals_hidden_pirate_stash
Shoals:3: nicolae_shoals_aurelia_aurita, layout_shoals
Shoals:4: shoals_end_grunt_garden, layout_shoals, nicolae_shoals_isolated_beach
Spider:1: layout_spider_delve, nicolae_spider_circle_web, uniq_mlioglotl
Spider:2: layout_chambers, uniq_aizul, uniq_asterion
Spider:3: layout_chambers
Spider:4: grunt_spider_rune_circles, hangedman_spider_tarantella_strand
Slime:1:  nicolae_slime_infinislime, layout_caves
Slime:2:  layout_caves
Slime:3:  layout_caves, uniq_dissolution
Slime:4:  layout_caves, nicolae_slime_barrier
Slime:5:  slime_pit_nicolae_trefoil
Orc:1:    layout_diamond_mine, serial_shops, shop
Orc:2:    pubby_orc_utopia, serial_shops
Elf:1:    minmay_elf_arrival_circle, layout_onion_city, hangedman_elf_represent
Elf:2:    elven_hall_of_blades_hangedman_original
          [nicolae_blade_entry_pointy_end], layout_geoelf_diagonals,
          minmay_shop_star
Elf:3:    minmay_elf_hall_curves, layout_geoelf_castle, serial_shops,
          nicolae_shop_stone, uniq_zenata
Vaults:1: nicolae_vaults_storage_room_water, hangedman_vaults_hat,
          nicolae_vaults_closet_pinwheel_6, nicolae_vaults_trapezoid_lopsided_3,
          vaults_room_corners, vaults_room_grunt_arrival_checkpoint,
          nicolae_vaults_network_square, vaults_dpeg_hooks,
          vaults_mumra_chevron, vaults_dpeg_ring, v_misc_16,
          nicolae_vaults_octothorpe, vaults_room_stairs_pillars,
          special_room_vaults [special_room_orc], layout_vaults_big_room,
          serial_shops, shop
Vaults:2: grunt_vaults_twisty, nicolae_vaults_asterisk,
          minmay_crypt_entry_necro_gods, grunt_vaults_diagonal,
          nicolae_vaults_alarming, v_pattern_2, dpeg_vaults_monster_box,
          layout_vaults_quadrants, uniq_sojobo
Vaults:3: v_pattern_5, vaults_dpeg_doors, nicolae_vaults_tetromino_Z_2,
          nicolae_vaults_trapezoid_lopsided_2, nicolae_vaults_double_plus_3,
          vaults_standard_mumra_x, nicolae_vaults_shelves_hall,
          nicolae_vaults_stand_back, vaults_room_boxed,
          nicolae_vaults_ellipses_ellipsis, ontoclasm_vaults_chip,
          nicolae_vaults_diagonal_hallway_8, nicolae_vaults_three_branches,
          ontoclasm_vaults_fault, nicolae_vaults_trapezoid_lopsided_4,
          ontoclasm_vaults_twist, layout_vaults_omnibox, serial_shops, shop,
          uniq_nikola
Vaults:4: v_misc_2, v_misc_25, v_misc_2, v_misc_25, hangedman_vaults_impose,
          nicolae_vaults_network_quinsquares
          [nicolae_vaults_network_quincunx_subvault,
          nicolae_vaults_network_quincunx_subvault,
          nicolae_vaults_network_quincunx_subvault,
          nicolae_vaults_network_quincunx_subvault], v_misc_26, v_misc_4,
          grunt_vaults_hallway_short, vaults_mumra_hexcomb,
          nicolae_vaults_double_plus_1, layout_vaults_omnicross, serial_shops,
          shop, uniq_donald, uniq_boris, uniq_frederick
Vaults:5: uniq_saint_roka, uniq_margery
Depths:1: layout_gridville, serial_sigils, serial_sigils_hangedman_gnaw,
          serial_sigils_hangedman_stare, serial_sigils_hangedman_scratch,
          serial_sigils_hangedman_clutch, serial_sigils_hangedman_snap,
          serial_sigils_hangedman_quiver, rand_demon_pan_entry_7,
          pf_coc_iceberg, serial_shops, nicolae_shop_trees,
          lightli_corner_chamber
Depths:2: minmay_the_grid_octo_tiled_octocenter_mashed
          [minmay_the_grid_octo_toaster, minmay_the_grid_octo_tetromino_candy,
          minmay_the_grid_octo_fat_diamond, minmay_the_grid_octo_chip,
          minmay_the_grid_octo_prize_square_snowflake,
          minmay_the_grid_square_5x5_percent,
          minmay_the_grid_square_5x5_inner_z, minmay_the_grid_square_5x5_six,
          minmay_the_grid_square_5x5_one_wall], layout_basic, enter_ziggurat_f,
          hell_entry, grunt_pan_entry_in_and_out, minivault_11,
          minmay_staircase_statues, uniq_mara
Depths:3: minmay_textured_paths, layout_basic, abyss_entry, hell_entry,
          chequers_serial_rivers_room_a
Depths:4: grunt_runaround [grunt_runaround_zot, grunt_runaround_doors_1,
          grunt_runaround_doors_2, grunt_runaround_doors_3,
          grunt_runaround_doors_4], serial_shops, abyss_entry, hell_entry
Zot:1:    grunt_deathspiral_small, layout_onion_interference,
          kennysheep_underground_church
Zot:2:    lemuel_halls_of_wrath, layout_cathedral_of_symmetry,
          ebering_ghost_reflecting_pool, regret_index_zotdec_banners
Zot:3:    layout_cathedral_of_symmetry, regret_index_zotdec_bone_old
Zot:4:    layout_gridlike, nicolae_tricolors
Zot:5:    layout_misc_corridors

Skill      XL: |  1  2  3  4  5  6  7  8  9 10 11 12 13 14 15 16 17 18 19 20 21 22 23 24 25 26 27 |
---------------+----------------------------------------------------------------------------------+-----
Conjurations   | 6 7 8 9 10 11 15 18 20 22 23 | 23.3
Spellcasting   | 3 4 5 6 7 9 12 14 16 | 16.3
Fighting       | 4 5 7 12 15 16 20 | 20.9
Short Blades   | 2 3 |  3.6
Air Magic      | 4 7 9 11 14 16 18 20 22 23 | 23.6
Dodging        | 5 7 8 10 14 15 | 15.0
Ice Magic      | 3 5 12 | 12.8
Armour         | 3 9 |  9.4
Long Blades    | 2 3 9 |  9.7
Fire Magic     | 2 |  2.6
Throwing       | 1 3 |  3.4
Alchemy        | 4 |  4.0
Evocations     | 8 9 15 19 | 19.0
Shields        | 5 8 9 13 14 | 14.1
Maces & Flails | 5 10 12 13 | 13.0
Stealth        | |  2.4

Action                     |  1- 3 |  4- 6 |  7- 9 | 10-12 | 13-15 | 16-18 | 19-21 | 22-24 | 25-27 || total
---------------------------+-------+-------+-------+-------+-------+-------+-------+-------+-------++-------
  Melee: Short sword       |     7 |    17 |     9 |       |       |       |       |       |       ||    33
         Peck              |       |     4 |       |     3 |   121 |    55 |    53 |    18 |    40 ||   294
         Kick              |       |     8 |     4 |    13 |   193 |   107 |    82 |    28 |    65 ||   500
         Mace              |       |       |     2 |    33 |    54 |       |       |       |       ||    89
         Punch             |       |       |       |       |     9 |       |       |       |       ||     9
         Scimitar          |       |       |       |       |   190 |       |       |       |       ||   190
         Rapier            |       |       |       |       |   255 |   252 |    42 |       |       ||   549
         Staff             |       |       |       |       |       |     1 |    66 |    12 |    10 ||    89
         Morningstar       |       |       |       |       |       |       |    45 |    34 |    93 ||   172
  Throw: Dart              |       |     1 |       |       |     3 |       |       |       |       ||     4
         Javelin           |       |       |       |       |       |       |       |     1 |       ||     1
   Cast: Magic Dart        |    59 |    41 |   238 |   158 |   212 |       |       |       |       ||   708
         Searing Ray       |     2 |    12 |    45 |    80 |    55 |     1 |       |       |       ||   195
         Fulminant Prism   |       |       |     4 |    12 |    67 |     7 |     4 |     1 |       ||    95
         Mephitic Cloud    |       |       |     3 |    32 |    60 |     8 |     7 |     3 |       ||   113
         Freezing Cloud    |       |       |       |    39 |    57 |    19 |    10 |    11 |       ||   136
         Iskenderun's Myst |       |       |       |     3 |    14 |       |       |       |       ||    17
         Inner Flame       |       |       |       |     2 |       |       |       |       |       ||     2
         Fireball          |       |       |       |       |   145 |    61 |     3 |     3 |       ||   212
         Plasma Beam       |       |       |       |       |   130 |   235 |   405 |   437 |   305 ||  1512
         Ozocubu's Refrige |       |       |       |       |       |   184 |    66 |    47 |    23 ||   320
         Maxwell's Capacit |       |       |       |       |       |     4 |     8 |    35 |    79 ||   126
         Arcjolt           |       |       |       |       |       |       |    32 |     1 |       ||    33
         Chain Lightning   |       |       |       |       |       |       |     1 |    23 |    57 ||    81
         Blink             |       |       |       |       |       |       |       |       |     1 ||     1
         Swiftness         |       |       |       |       |       |       |       |       |     5 ||     5
         Vhi's Electric Ch |       |       |       |       |       |       |       |       |     2 ||     2
  Evoke: Wand              |       |       |       |     4 |    14 |    22 |     1 |     2 |     4 ||    47
         Phantom mirror    |       |       |       |       |     2 |     1 |     1 |       |     1 ||     5
         Box of beasts     |       |       |       |       |     1 |       |     1 |       |       ||     2
         Phial of floods   |       |       |       |       |       |     1 |     1 |     1 |     2 ||     5
         Lightning rod     |       |       |       |       |       |       |     3 |     1 |       ||     4
         Tin of tremorston |       |       |       |       |       |       |     3 |     2 |     3 ||     8
    Use: Scroll            |       |     7 |     4 |    16 |    15 |     5 |     6 |     3 |    13 ||    69
         Potion            |       |       |     2 |     1 |     7 |     5 |       |     4 |    18 ||    37
   Stab: Sleeping          |       |       |     2 |     1 |       |     1 |     1 |       |     1 ||     6
         Confused          |       |       |       |     3 |    22 |     2 |     1 |       |       ||    28
         Paralysed         |       |       |       |       |     2 |       |       |       |       ||     2
         Invisible         |       |       |       |       |       |     1 |       |       |       ||     1
 Armour: Robe              |     6 |    15 |    30 |    18 |       |       |    26 |    91 |    20 ||   206
         Ring mail         |       |       |       |    68 |   368 |       |       |       |       ||   436
         Scale mail        |       |       |       |       |    60 |       |       |       |       ||    60
         Skin              |       |       |       |       |     2 |       |       |       |       ||     2
         Leather armour    |       |       |       |       |    12 |   179 |   114 |       |   126 ||   431
  Dodge: Dodged            |     6 |    26 |    49 |   202 |   657 |   160 |   127 |    57 |   131 ||  1415
  Block: Kite shield       |       |       |       |       |    10 |   377 |   235 |   135 |   243 ||  1000
         Reflection        |       |       |       |       |       |       |       |    17 |     9 ||    26

Table legend: (Time is in decaauts)
 A = Elapsed time spent in this place.
 B = Non-inter-level travel time spent in this place.
 C = Inter-level travel time spent in this place.
 D = Time resting spent in this place.
 E = Time spent auto-exploring this place.
 F = Levels seen in this place.
 G = Mean time per level.
                   A        B        C        D        E       F      G
               +--------+--------+--------+--------+--------+-----+--------+
         Total | 101328 |  92256 |   9072 |  40793 |  34881 |  59 | 1717.4 |
       Dungeon |  25353 |  21430 |   3923 |   7018 |  10444 |  15 | 1690.2 |
        Temple |      1 |      1 |      0 |      0 |      0 |   1 |    1.0 |
          Lair |  10841 |   9732 |   1109 |   4439 |   3023 |   5 | 2168.2 |
        Shoals |   5498 |   5286 |    212 |   2338 |   2155 |   4 | 1374.5 |
   Spider Nest |   8721 |   8300 |    421 |   3917 |   3279 |   4 | 2180.2 |
    Slime Pits |   5088 |   4575 |    513 |   1942 |   2079 |   5 | 1017.6 |
  Orcish Mines |   6469 |   6011 |    458 |   3469 |   1545 |   2 | 3234.5 |
   Elven Halls |   5771 |   5540 |    231 |   2378 |   2138 |   3 | 1923.7 |
        Vaults |   8863 |   8362 |    501 |   3782 |   3375 |   5 | 1772.6 |
        Depths |   9943 |   8833 |   1110 |   4643 |   2780 |   4 | 2485.8 |
           Zot |  10270 |   9678 |    592 |   4596 |   3285 |   5 | 2054.0 |
         Abyss |     42 |     42 |      0 |      2 |      0 |   1 |   42.0 |
         Trove |     50 |     50 |      0 |      0 |      0 |   1 |   50.0 |
         Sewer |   1100 |   1100 |      0 |    337 |    425 |   1 | 1100.0 |
      Ice Cave |   1666 |   1666 |      0 |   1007 |    330 |   1 | 1666.0 |
       Volcano |   1105 |   1105 |      0 |    687 |     22 |   1 | 1105.0 |
      Gauntlet |    538 |    538 |      0 |    235 |      0 |   1 |  538.0 |
               +--------+--------+--------+--------+--------+-----+--------+

Top non-repeatable levels by time:
   Orc:2: 5642 daAuts
Depths:2: 3340 daAuts
Depths:4: 2965 daAuts
    D:11: 2792 daAuts
Spider:2: 2675 daAuts
  Lair:5: 2662 daAuts
  Lair:2: 2481 daAuts
Spider:4: 2470 daAuts
   Zot:2: 2440 daAuts
    D:15: 2410 daAuts
Vaults:1: 2351 daAuts
   Zot:1: 2338 daAuts
    D:14: 2327 daAuts
Vaults:3: 2312 daAuts
   Elf:1: 2312 daAuts

Table legend: (Time is in decaauts)
 A = Elapsed time spent in this place.
 B = Non-inter-level travel time spent in this place.
 C = Inter-level travel time spent in this place.
 D = Time resting spent in this place.
 E = Time spent auto-exploring this place.
 F = Levels seen in this place.
 G = Mean time per level.
                   A        B        C        D        E       F      G
               +--------+--------+--------+--------+--------+-----+--------+
         Total | 101328 |  92256 |   9072 |  40793 |  34881 |  59 | 1717.4 |
       Dungeon |  25353 |  21430 |   3923 |   7018 |  10444 |  15 | 1690.2 |
        Temple |      1 |      1 |      0 |      0 |      0 |   1 |    1.0 |
          Lair |  10841 |   9732 |   1109 |   4439 |   3023 |   5 | 2168.2 |
        Shoals |   5498 |   5286 |    212 |   2338 |   2155 |   4 | 1374.5 |
   Spider Nest |   8721 |   8300 |    421 |   3917 |   3279 |   4 | 2180.2 |
    Slime Pits |   5088 |   4575 |    513 |   1942 |   2079 |   5 | 1017.6 |
  Orcish Mines |   6469 |   6011 |    458 |   3469 |   1545 |   2 | 3234.5 |
   Elven Halls |   5771 |   5540 |    231 |   2378 |   2138 |   3 | 1923.7 |
        Vaults |   8863 |   8362 |    501 |   3782 |   3375 |   5 | 1772.6 |
        Depths |   9943 |   8833 |   1110 |   4643 |   2780 |   4 | 2485.8 |
           Zot |  10270 |   9678 |    592 |   4596 |   3285 |   5 | 2054.0 |
         Abyss |     42 |     42 |      0 |      2 |      0 |   1 |   42.0 |
         Trove |     50 |     50 |      0 |      0 |      0 |   1 |   50.0 |
         Sewer |   1100 |   1100 |      0 |    337 |    425 |   1 | 1100.0 |
      Ice Cave |   1666 |   1666 |      0 |   1007 |    330 |   1 | 1666.0 |
       Volcano |   1105 |   1105 |      0 |    687 |     22 |   1 | 1105.0 |
      Gauntlet |    538 |    538 |      0 |    235 |      0 |   1 |  538.0 |
               +--------+--------+--------+--------+--------+-----+--------+

Top non-repeatable levels by time:
   Orc:2: 5642 daAuts
Depths:2: 3340 daAuts
Depths:4: 2965 daAuts
    D:11: 2792 daAuts
Spider:2: 2675 daAuts
  Lair:5: 2662 daAuts
  Lair:2: 2481 daAuts
Spider:4: 2470 daAuts
   Zot:2: 2440 daAuts
    D:15: 2410 daAuts
Vaults:1: 2351 daAuts
   Zot:1: 2338 daAuts
    D:14: 2327 daAuts
Vaults:3: 2312 daAuts
   Elf:1: 2312 daAuts

Table legend:
 A = Kills in this place as a percentage of kills in the entire game.
 B = Kills by you in this place as a percentage of kills by you in the entire game.
 C = Kills by friends in this place as a percentage of kills by friends in the entire game.
 D = Other kills in this place as a percentage of other kills in the entire game.
 E = Experience gained in this place as a percentage of experience gained in the entire game.
 F = Experience gained in this place divided by the number of levels of this place that you have seen.
                   A       B       C       D       E      F
               +-------+-------+-------+-------+-------+----------------------
         Total | 100.0 | 100.0 | 100.0 | 100.0 | 100.0 | 23856.6
       Dungeon |  19.1 |  19.0 |  33.3 |  26.7 |   8.0 | 7477.1
          Lair |   8.8 |   8.2 |   0.0 |  56.7 |   4.1 | 11417.2
        Shoals |   6.3 |   6.3 |   0.0 |   0.0 |   5.5 | 19356.8
   Spider Nest |   8.7 |   8.8 |   0.0 |   0.0 |   6.0 | 21207.8
    Slime Pits |   7.6 |   7.7 |   0.0 |   0.0 |   9.1 | 25557.4
  Orcish Mines |   7.6 |   7.6 |  33.3 |   6.7 |   1.8 | 12895.0
   Elven Halls |   7.1 |   7.2 |   0.0 |   0.0 |   8.3 | 39168.0
        Vaults |  11.8 |  11.7 |  33.3 |  10.0 |  15.3 | 43011.8
        Depths |   9.1 |   9.2 |   0.0 |   0.0 |  16.9 | 59628.5
           Zot |   9.5 |   9.7 |   0.0 |   0.0 |  23.8 | 67028.2
         Abyss |   0.0 |   0.0 |   0.0 |   0.0 |   0.0 | 481.0
         Sewer |   1.1 |   1.1 |   0.0 |   0.0 |   0.0 | 408.0
      Ice Cave |   2.2 |   2.2 |   0.0 |   0.0 |   0.3 | 4539.0
       Volcano |   0.7 |   0.7 |   0.0 |   0.0 |   0.3 | 4788.0
      Gauntlet |   0.6 |   0.6 |   0.0 |   0.0 |   0.4 | 6029.0
               +-------+-------+-------+-------+-------+----------------------

Levels and vault maps discovered:
D:1:      dpeg_arrival_pits, layout_loops_ring
D:2:      layout_basic, basic_altar, amcnicky_mini_corridor_feature,
          due_unseen_surprise
D:3:      layout_basic, nicolae_yredelemnul_ghost_church, gup_sewer_entry_glass,
          minmay_misc_feat_doors, uniq_terence
D:4:      layout_loops_corners, mainiacjoe_overflow_24_doors,
          amcnicky_altar_gilded
D:5:      minmay_inner_zag, layout_basic, old_standard_altar, serial_shops,
          kennysheep_mini_moat, nicolae_figureground_pulse
D:6:      layout_basic, vehumet_crystals, mainiacjoe_overflow_catch_the_wave,
          cheibriados_altar_1, minmay_temple_entry_enclosed_plants,
          guppyfry_shop_venom
D:7:      layout_basic, st_stairs_14
D:8:      layout_loops_corners, serial_shops, nicolae_shop_peninsula
D:9:      layout_loops_ring, mainiacjoe_overflow_surrounded_room,
          nicolae_have_a_lightning_rod
D:10:     layout_cave_pools, dpeg_oklobed_lair, enter_trove_2,
          chequers_serial_rivers_marsh, grunt_ministairs_6, uniq_psyche,
          uniq_lodul, uniq_nergalle
D:11:     gammafunk_indiana_jones, layout_cave_pods, erik_orc_4,
          portal_ice_cave_entry_imps, gauntlet_entry_generic
D:12:     layout_rooms, minmay_misc_feat_alley, uniq_frances
D:13:     layout_roguey, skrybe_vaults_entry_preservation,
          gammafunk_ghost_split, serial_bayou_pond_b, uniq_snorg
D:14:     minmay_chopped_fan, layout_long_grid, skrybe_limestone_x
D:15:     hangedman_depths_entry_try_elsewhere_first, layout_grid_maze,
          reono_crystal_passage, gammafunk_ghost_icy, minmay_quadrilaterals,
          uniq_louise, uniq_agnes
Temple:   nicolae_temple_ecumenical_triangle
Lair:1:   layout_hall_layers, lemuel_fruit_fields
Lair:2:   layout_small_grid, minmay_shoals_entry_beasts, grunt_megastairs_1,
          lemuel_fruit_tree
Lair:3:   layout_regular_city, nicolae_spider_entry_non_spiders,
          serial_bayou_shore_a, uniq_sonja
Lair:4:   layout_misc_corridors, nicolae_volcano_entry_vermiform
Lair:5:   minmay_lair_end_enchanted_forest, layout_misc_corridors,
          nicolae_slime_entry_field_trip, serial_bayou_shore_b
Shoals:1: layout_shoals, nicolae_shoals_the_drawing_of_the_three
Shoals:2: layout_shoals, nicolae_shoals_hidden_pirate_stash
Shoals:3: nicolae_shoals_aurelia_aurita, layout_shoals
Shoals:4: shoals_end_grunt_garden, layout_shoals, nicolae_shoals_isolated_beach
Spider:1: layout_spider_delve, nicolae_spider_circle_web, uniq_mlioglotl
Spider:2: layout_chambers, uniq_aizul, uniq_asterion
Spider:3: layout_chambers
Spider:4: grunt_spider_rune_circles, hangedman_spider_tarantella_strand
Slime:1:  nicolae_slime_infinislime, layout_caves
Slime:2:  layout_caves
Slime:3:  layout_caves, uniq_dissolution
Slime:4:  layout_caves, nicolae_slime_barrier
Slime:5:  slime_pit_nicolae_trefoil
Orc:1:    layout_diamond_mine, serial_shops, shop
Orc:2:    pubby_orc_utopia, serial_shops
Elf:1:    minmay_elf_arrival_circle, layout_onion_city, hangedman_elf_represent
Elf:2:    elven_hall_of_blades_hangedman_original
          [nicolae_blade_entry_pointy_end], layout_geoelf_diagonals,
          minmay_shop_star
Elf:3:    minmay_elf_hall_curves, layout_geoelf_castle, serial_shops,
          nicolae_shop_stone, uniq_zenata
Vaults:1: nicolae_vaults_storage_room_water, hangedman_vaults_hat,
          nicolae_vaults_closet_pinwheel_6, nicolae_vaults_trapezoid_lopsided_3,
          vaults_room_corners, vaults_room_grunt_arrival_checkpoint,
          nicolae_vaults_network_square, vaults_dpeg_hooks,
          vaults_mumra_chevron, vaults_dpeg_ring, v_misc_16,
          nicolae_vaults_octothorpe, vaults_room_stairs_pillars,
          special_room_vaults [special_room_orc], layout_vaults_big_room,
          serial_shops, shop
Vaults:2: grunt_vaults_twisty, nicolae_vaults_asterisk,
          minmay_crypt_entry_necro_gods, grunt_vaults_diagonal,
          nicolae_vaults_alarming, v_pattern_2, dpeg_vaults_monster_box,
          layout_vaults_quadrants, uniq_sojobo
Vaults:3: v_pattern_5, vaults_dpeg_doors, nicolae_vaults_tetromino_Z_2,
          nicolae_vaults_trapezoid_lopsided_2, nicolae_vaults_double_plus_3,
          vaults_standard_mumra_x, nicolae_vaults_shelves_hall,
          nicolae_vaults_stand_back, vaults_room_boxed,
          nicolae_vaults_ellipses_ellipsis, ontoclasm_vaults_chip,
          nicolae_vaults_diagonal_hallway_8, nicolae_vaults_three_branches,
          ontoclasm_vaults_fault, nicolae_vaults_trapezoid_lopsided_4,
          ontoclasm_vaults_twist, layout_vaults_omnibox, serial_shops, shop,
          uniq_nikola
Vaults:4: v_misc_2, v_misc_25, v_misc_2, v_misc_25, hangedman_vaults_impose,
          nicolae_vaults_network_quinsquares
          [nicolae_vaults_network_quincunx_subvault,
          nicolae_vaults_network_quincunx_subvault,
          nicolae_vaults_network_quincunx_subvault,
          nicolae_vaults_network_quincunx_subvault], v_misc_26, v_misc_4,
          grunt_vaults_hallway_short, vaults_mumra_hexcomb,
          nicolae_vaults_double_plus_1, layout_vaults_omnicross, serial_shops,
          shop, uniq_donald, uniq_boris, uniq_frederick
Vaults:5: uniq_saint_roka, uniq_margery
Depths:1: layout_gridville, serial_sigils, serial_sigils_hangedman_gnaw,
          serial_sigils_hangedman_stare, serial_sigils_hangedman_scratch,
          serial_sigils_hangedman_clutch, serial_sigils_hangedman_snap,
          serial_sigils_hangedman_quiver, rand_demon_pan_entry_7,
          pf_coc_iceberg, serial_shops, nicolae_shop_trees,
          lightli_corner_chamber
Depths:2: minmay_the_grid_octo_tiled_octocenter_mashed
          [minmay_the_grid_octo_toaster, minmay_the_grid_octo_tetromino_candy,
          minmay_the_grid_octo_fat_diamond, minmay_the_grid_octo_chip,
          minmay_the_grid_octo_prize_square_snowflake,
          minmay_the_grid_square_5x5_percent,
          minmay_the_grid_square_5x5_inner_z, minmay_the_grid_square_5x5_six,
          minmay_the_grid_square_5x5_one_wall], layout_basic, enter_ziggurat_f,
          hell_entry, grunt_pan_entry_in_and_out, minivault_11,
          minmay_staircase_statues, uniq_mara
Depths:3: minmay_textured_paths, layout_basic, abyss_entry, hell_entry,
          chequers_serial_rivers_room_a
Depths:4: grunt_runaround [grunt_runaround_zot, grunt_runaround_doors_1,
          grunt_runaround_doors_2, grunt_runaround_doors_3,
          grunt_runaround_doors_4], serial_shops, abyss_entry, hell_entry
Zot:1:    grunt_deathspiral_small, layout_onion_interference,
          kennysheep_underground_church
Zot:2:    lemuel_halls_of_wrath, layout_cathedral_of_symmetry,
          ebering_ghost_reflecting_pool, regret_index_zotdec_banners
Zot:3:    layout_cathedral_of_symmetry, regret_index_zotdec_bone_old
Zot:4:    layout_gridlike, nicolae_tricolors
Zot:5:    layout_misc_corridors

Action                     |  1- 3 |  4- 6 |  7- 9 | 10-12 | 13-15 | 16-18 | 19-21 | 22-24 | 25-27 || total
---------------------------+-------+-------+-------+-------+-------+-------+-------+-------+-------++-------
  Melee: Short sword       |     7 |    17 |     9 |       |       |       |       |       |       ||    33
         Peck              |       |     4 |       |     3 |   121 |    55 |    53 |    18 |    40 ||   294
         Kick              |       |     8 |     4 |    13 |   193 |   107 |    82 |    28 |    65 ||   500
         Mace              |       |       |     2 |    33 |    54 |       |       |       |       ||    89
         Punch             |       |       |       |       |     9 |       |       |       |       ||     9
         Scimitar          |       |       |       |       |   190 |       |       |       |       ||   190
         Rapier            |       |       |       |       |   255 |   252 |    42 |       |       ||   549
         Staff             |       |       |       |       |       |     1 |    66 |    12 |    10 ||    89
         Morningstar       |       |       |       |       |       |       |    45 |    34 |    93 ||   172
  Throw: Dart              |       |     1 |       |       |     3 |       |       |       |       ||     4
         Javelin           |       |       |       |       |       |       |       |     1 |       ||     1
   Cast: Magic Dart        |    59 |    41 |   238 |   158 |   212 |       |       |       |       ||   708
         Searing Ray       |     2 |    12 |    45 |    80 |    55 |     1 |       |       |       ||   195
         Fulminant Prism   |       |       |     4 |    12 |    67 |     7 |     4 |     1 |       ||    95
         Mephitic Cloud    |       |       |     3 |    32 |    60 |     8 |     7 |     3 |       ||   113
         Freezing Cloud    |       |       |       |    39 |    57 |    19 |    10 |    11 |       ||   136
         Iskenderun's Myst |       |       |       |     3 |    14 |       |       |       |       ||    17
         Inner Flame       |       |       |       |     2 |       |       |       |       |       ||     2
         Fireball          |       |       |       |       |   145 |    61 |     3 |     3 |       ||   212
         Plasma Beam       |       |       |       |       |   130 |   235 |   405 |   437 |   305 ||  1512
         Ozocubu's Refrige |       |       |       |       |       |   184 |    66 |    47 |    23 ||   320
         Maxwell's Capacit |       |       |       |       |       |     4 |     8 |    35 |    79 ||   126
         Arcjolt           |       |       |       |       |       |       |    32 |     1 |       ||    33
         Chain Lightning   |       |       |       |       |       |       |     1 |    23 |    57 ||    81
         Blink             |       |       |       |       |       |       |       |       |     1 ||     1
         Swiftness         |       |       |       |       |       |       |       |       |     5 ||     5
         Vhi's Electric Ch |       |       |       |       |       |       |       |       |     2 ||     2
  Evoke: Wand              |       |       |       |     4 |    14 |    22 |     1 |     2 |     4 ||    47
         Phantom mirror    |       |       |       |       |     2 |     1 |     1 |       |     1 ||     5
         Box of beasts     |       |       |       |       |     1 |       |     1 |       |       ||     2
         Phial of floods   |       |       |       |       |       |     1 |     1 |     1 |     2 ||     5
         Lightning rod     |       |       |       |       |       |       |     3 |     1 |       ||     4
         Tin of tremorston |       |       |       |       |       |       |     3 |     2 |     3 ||     8
    Use: Scroll            |       |     7 |     4 |    16 |    15 |     5 |     6 |     3 |    13 ||    69
         Potion            |       |       |     2 |     1 |     7 |     5 |       |     4 |    18 ||    37
   Stab: Sleeping          |       |       |     2 |     1 |       |     1 |     1 |       |     1 ||     6
         Confused          |       |       |       |     3 |    22 |     2 |     1 |       |       ||    28
         Paralysed         |       |       |       |       |     2 |       |       |       |       ||     2
         Invisible         |       |       |       |       |       |     1 |       |       |       ||     1
 Armour: Robe              |     6 |    15 |    30 |    18 |       |       |    26 |    91 |    20 ||   206
         Ring mail         |       |       |       |    68 |   368 |       |       |       |       ||   436
         Scale mail        |       |       |       |       |    60 |       |       |       |       ||    60
         Skin              |       |       |       |       |     2 |       |       |       |       ||     2
         Leather armour    |       |       |       |       |    12 |   179 |   114 |       |   126 ||   431
  Dodge: Dodged            |     6 |    26 |    49 |   202 |   657 |   160 |   127 |    57 |   131 ||  1415
  Block: Kite shield       |       |       |       |       |    10 |   377 |   235 |   135 |   243 ||  1000
         Reflection        |       |       |       |       |       |       |       |    17 |     9 ||    26
